Workbook

Sheet 3 Financial statements
E2: 2014 | F2: =E2+1 -> 2015 | G2: =F2+1 -> 2016 | H2: =G2+1 -> 2017 | I2: =H2+1 -> 2018 | J2: =I2+1 -> 2019 | K2: =J2+1 -> 2020 | L2: =K2+1 -> 2021 | M2: =L2+1 -> 2022 | ... T2: =S2+1 -> 2029
J3: 1 | K3: =J3+1 -> 2 | L3: =K3+1 -> 3 | M3: =L3+1 -> 4 | N3: =M3+1 -> 5 | O3: =N3+1 -> 6 | P3: =O3+1 -> 7 | Q3: =P3+1 -> 8 | R3: =Q3+1 -> 9 | ... T3: =S3+1 -> 11
B5: Assumptions | E5: =E2 -> 2014 | F5: =F2 -> 2015 | G5: =G2 -> 2016 | H5: =H2 -> 2017 | I5: =I2 -> 2018 | J5: =J2 -> 2019 | K5: =K2 -> 2020 | L5: =L2 -> 2021 | ... T5: =T2 -> 2029
B6: État des résultats
B7: Croissance des ventes | F7: =F24/E24-1 -> 0.15762644 | G7: =G24/F24-1 -> 0.11228257 | H7: =H24/G24-1 -> 0.083718451 | I7: =I24/H24-1 -> 0.059231002 | J7: 0.05 | K7: 0.045 | L7: 0.04 | M7: 0.035 | N7: 0.03 | O7: 0.03 | P7: 0.03 | Q7: 0.03 | R7: 0.03 | S7: 0.03 | T7: 0.03
B8: Coût marchandises vendues (% des ventes) | E8: =E25/E24 -> 0.38255218 | F8: =F25/F24 -> 0.40651728 | G8: =G25/G24 -> 0.37399977 | H8: =H25/H24 -> 0.37412973 | I8: =I25/I24 -> 0.38011037 | J8: 0.37 | K8: 0.37 | L8: 0.36 | M8: 0.36 | N8: 0.35 | O8: 0.35 | P8: 0.35 | Q8: 0.35 | R8: 0.35 | S8: 0.35 | T8: 0.35
B9: Frais d'administration | E9: =E28 -> 26427 | F9: =F28 -> 22658 | G9: =G28 -> 23872 | H9: =H28 -> 23002 | I9: =I28 -> 25245 | J9: 25000 | K9: 25000 | L9: 25000 | M9: 25000 | N9: 25000 | O9: 25000 | P9: 25000 | Q9: 25000 | R9: 25000 | S9: 25000 | T9: 25000
B10: Frais de vente | E10: =E29 -> 10963 | F10: =F29 -> 10125 | G10: =G29 -> 10087 | H10: =H29 -> 11020 | I10: =I29 -> 11412 | J10: 10000 | K10: 10000 | L10: 10000 | M10: 10000 | N10: 10000 | O10: 10000 | P10: 10000 | Q10: 10000 | R10: 10000 | S10: 10000 | T10: 10000
B11: Dépréciation et amortissement | E11: =E30/E93 -> 0.39 | F11: =F30/F93 -> 0.3989011 | G11: =G30/G93 -> 0.40625738 | H11: =H30/H93 -> 0.41210612 | I11: =I30/I93 -> 0.41655873 | J11: 0.4 | K11: 0.4 | L11: 0.4 | M11: 0.4 | N11: 0.4 | O11: 0.4 | P11: 0.4 | Q11: 0.4 | R11: 0.4 | S11: 0.4 | T11: 0.4
B12: Interest (% de la dette) | E12: =E102/E99 -> 0.05 | F12: =F102/F99 -> 0.05 | G12: =G102/G99 -> 0.03 | H12: =H102/H99 -> 0.03 | I12: =I102/I99 -> 0.03 | J12: 0.03 | K12: 0.03 | L12: 0.03 | M12: 0.03 | N12: 0.03 | O12: 0.03 | P12: 0.03 | Q12: 0.03 | R12: 0.03 | S12: 0.03 | T12: 0.03
B13: Taux imposition | E13: =E36/E34 -> 0.3116305 | F13: =F36/F34 -> 0.2917893 | G13: =G36/G34 -> 0.28699506 | H13: =H36/H34 -> 0.28994445 | I13: =I36/I34 -> 0.29122411 | J13: 0.28 | K13: 0.28 | L13: 0.28 | M13: 0.28 | N13: 0.28 | O13: 0.28 | P13: 0.28 | Q13: 0.28 | R13: 0.28 | S13: 0.28 | T13: 0.28
B14: Bilan
B15: Comptes recevables (jours) | E15: =E43/E24*365 -> 18.248748 | F15: =F43/F24*365 -> 18.249073 | G15: =G43/G24*365 -> 18.249305 | H15: =H43/H24*365 -> 18.249872 | I15: =I43/I24*365 -> 18.250968 | J15: 18 | K15: 18 | L15: 18 | M15: 18 | N15: 18 | O15: 18 | P15: 18 | Q15: 18 | R15: 18 | S15: 18 | T15: 18
B16: Inventaire (jours) | E16: =E44/E25*365 -> 73.003741 | F16: =F44/F25*365 -> 73.001521 | G16: =G44/G25*365 -> 73.002972 | H16: =H44/H25*365 -> 72.178897 | I16: =I44/I25*365 -> 72.235735 | J16: 73 | K16: 73 | L16: 73 | M16: 73 | N16: 73 | O16: 73 | P16: 73 | Q16: 73 | R16: 73 | S16: 73 | T16: 73
B17: Comptes payables (jours) | E17: =E49/E25*365 -> 36.497194 | F17: =F49/F25*365 -> 36.496959 | G17: =G49/G25*365 -> 36.497771 | H17: =H49/H25*365 -> 36.086022 | I17: =I49/I25*365 -> 36.117868 | J17: 37 | K17: 37 | L17: 37 | M17: 37 | N17: 37 | O17: 37 | P17: 37 | Q17: 37 | R17: 37 | S17: 37 | T17: 37
B18: CAPEX (% Croissance des ventes) | C18: 0.1 | E18: =E69 -> 15000 | F18: =F69 -> 15000 | G18: =G69 -> 15000 | H18: =H69 -> 15000 | I18: =I69 -> 15000 | J18: =(J24-I24)*$C$18 -> 753.86 | K18: =(K24-J24)*$C$18 -> 712.3977 | L18: =(L24-K24)*$C$18 -> 661.73831 | M18: =(M24-L24)*$C$18 -> 602.18186 | N18: =(N24-M24)*$C$18 -> 534.22134 | O18: =(O24-N24)*$C$18 -> 550.24798 | P18: =(P24-O24)*$C$18 -> 566.75542 | Q18: =(Q24-P24)*$C$18 -> 583.75808 | ... T18: =(T24-S24)*$C$18 -> 637.88821
B19: Remboursement dette | E19: =E100 -> 0 | F19: =F100 -> 0 | G19: =G100 -> -20000 | H19: =H100 -> 0 | I19: =I100 -> 0 | J19: 0 | K19: 0 | L19: -20000 | M19: 0 | N19: 0 | O19: 0 | P19: 0 | Q19: 0 | R19: 0 | S19: 0 | T19: 0
B20: Rachat de l'equity | E20: =E74 -> 170000 | F20: =F74 -> 0 | G20: =G74 -> 0 | H20: =H74 -> 0 | I20: =I74 -> 0 | J20: 0 | K20: 0 | L20: 0 | M20: -150000 | N20: 0 | O20: 0 | P20: 0 | Q20: 0 | R20: 0 | S20: 0 | T20: 0
B23: État des résultats | E23: =E2 -> 2014 | F23: =F2 -> 2015 | G23: =G2 -> 2016 | H23: =H2 -> 2017 | I23: =I2 -> 2018 | J23: =J2 -> 2019 | K23: =K2 -> 2020 | L23: =L2 -> 2021 | ... T23: =T2 -> 2029
B24: Ventes | E24: 102007 | F24: 118086 | G24: 131345 | H24: 142341 | I24: 150772 | J24: =I24*(1+J7) -> 158310.6 | K24: =J24*(1+K7) -> 165434.58 | L24: =K24*(1+L7) -> 172051.96 | M24: =L24*(1+M7) -> 178073.78 | N24: =M24*(1+N7) -> 183415.99 | O24: =N24*(1+O7) -> 188918.47 | P24: =O24*(1+P7) -> 194586.03 | Q24: =P24*(1+Q7) -> 200423.61 | ... T24: =S24*(1+T7) -> 219008.29
B25: Coûts des marchandises vendues | E25: 39023 | F25: 48004 | G25: 49123 | H25: 53254 | I25: 57310 | J25: =J24*J8 -> 58574.922 | K25: =K24*K8 -> 61210.793 | L25: =L24*L8 -> 61938.706 | M25: =M24*M8 -> 64106.56 | N25: =N24*N8 -> 64195.597 | O25: =O24*O8 -> 66121.465 | P25: =P24*P8 -> 68105.109 | Q25: =Q24*Q8 -> 70148.262 | ... T25: =T24*T8 -> 76652.9
B26: Bénéfice brut | E26: =E24-E25 -> 62984 | F26: =F24-F25 -> 70082 | G26: =G24-G25 -> 82222 | H26: =H24-H25 -> 89087 | I26: =I24-I25 -> 93462 | J26: =J24-J25 -> 99735.678 | K26: =K24-K25 -> 104223.78 | L26: =L24-L25 -> 110113.25 | ... T26: =T24-T25 -> 142355.39
B27: Charges
B28: Frais d'administration | E28: 26427 | F28: 22658 | G28: 23872 | H28: 23002 | I28: 25245 | J28: =J9 -> 25000 | K28: =K9 -> 25000 | L28: =L9 -> 25000 | M28: =M9 -> 25000 | N28: =N9 -> 25000 | O28: =O9 -> 25000 | P28: =P9 -> 25000 | Q28: =Q9 -> 25000 | ... T28: =T9 -> 25000
B29: Frais de vente | E29: 10963 | F29: 10125 | G29: 10087 | H29: 11020 | I29: 11412 | J29: =J10 -> 10000 | K29: =K10 -> 10000 | L29: =L10 -> 10000 | M29: =M10 -> 10000 | N29: =N10 -> 10000 | O29: =O10 -> 10000 | P29: =P10 -> 10000 | Q29: =Q10 -> 10000 | ... T29: =T10 -> 10000
B30: Dépréciation et amortissement | E30: 19500 | F30: 18150 | G30: 17205 | H30: 16544 | I30: 16080 | J30: =J95 -> 15008.8 | K30: =K95 -> 9306.824 | L30: =L95 -> 5869.0535 | M30: =M95 -> 3786.1274 | N30: =N95 -> 2512.5492 | O30: =O95 -> 1721.218 | P30: =P95 -> 1252.83 | Q30: =Q95 -> 978.40018 | ... T30: =T95 -> 687.42418
B31: Total des charges | E31: =SUM(E28:E30) -> 56890 | F31: =SUM(F28:F30) -> 50933 | G31: =SUM(G28:G30) -> 51164 | H31: =SUM(H28:H30) -> 50566 | I31: =SUM(I28:I30) -> 52737 | J31: =SUM(J28:J30) -> 50008.8 | K31: =SUM(K28:K30) -> 44306.824 | L31: =SUM(L28:L30) -> 40869.053 | ... T31: =SUM(T28:T30) -> 35687.424
B32: Bénéfice avant intérêt et impôt | E32: =E26-E31 -> 6094 | F32: =F26-F31 -> 19149 | G32: =G26-G31 -> 31058 | H32: =H26-H31 -> 38521 | I32: =I26-I31 -> 40725 | J32: =J26-J31 -> 49726.878 | K32: =K26-K31 -> 59916.96 | L32: =L26-L31 -> 69244.201 | ... T32: =T26-T31 -> 106667.96
B33: Intérêt | E33: 2500 | F33: 2500 | G33: 1500 | H33: 900 | I33: 900 | J33: =J102 -> 900 | K33: =K102 -> 900 | L33: =L102 -> 900 | M33: =M102 -> 300 | N33: =N102 -> 300 | O33: =O102 -> 300 | P33: =P102 -> 300 | Q33: =Q102 -> 300 | ... T33: =T102 -> 300
B34: Bénéfice avant impôt | E34: =E32-E33 -> 3594 | F34: =F32-F33 -> 16649 | G34: =G32-G33 -> 29558 | H34: =H32-H33 -> 37621 | I34: =I32-I33 -> 39825 | J34: =J32-J33 -> 48826.878 | K34: =K32-K33 -> 59016.96 | L34: =L32-L33 -> 68344.201 | ... T34: =T32-T33 -> 106367.96
B36: Impôt | E36: 1120 | F36: 4858 | G36: 8483 | H36: 10908 | I36: 11598 | J36: =J34*J13 -> 13671.526 | K36: =K34*K13 -> 16524.749 | L36: =L34*L13 -> 19136.376 | M36: =M34*M13 -> 20966.705 | N36: =N34*N13 -> 22794.197 | O36: =O34*O13 -> 24017.221 | P36: =P34*P13 -> 25179.864 | Q36: =Q34*Q13 -> 26319.144 | ... T36: =T34*T13 -> 29783.029
B37: Bénéfice net | E37: =E34-E36 -> 2474 | F37: =F34-F36 -> 11791 | G37: =G34-G36 -> 21075 | H37: =H34-H36 -> 26713 | I37: =I34-I36 -> 28227 | J37: =J34-J36 -> 35155.352 | K37: =K34-K36 -> 42492.211 | L37: =L34-L36 -> 49207.825 | ... T37: =T34-T36 -> 76584.933
B40: Bilan | E40: =E23 -> 2014 | F40: =F23 -> 2015 | G40: =G23 -> 2016 | H40: =H23 -> 2017 | I40: =I23 -> 2018 | J40: =J23 -> 2019 | K40: =K23 -> 2020 | L40: =L23 -> 2021 | ... T40: =T23 -> 2029
B41: Actifs
B42: Encaisse | E42: 167971 | F42: 181210 | G42: 183715 | H42: 211069 | I42: 239550 | J42: =J79 -> 288585.94 | K42: =K79 -> 339061.28 | L42: =L79 -> 373078.29 | M42: =M79 -> 279665.84 | N42: =N79 -> 339985.58 | O42: =O79 -> 402453.82 | P42: =P79 -> 467412.97 | Q42: =Q79 -> 534996.02 | ... T42: =T79 -> 754577.55
B43: Comptes recevables | E43: 5100 | F43: 5904 | G43: 6567 | H43: 7117 | I43: 7539 | J43: =J24*J15/365 -> 7807.0981 | K43: =K24*K15/365 -> 8158.4175 | L43: =L24*L15/365 -> 8484.7542 | M43: =M24*M15/365 -> 8781.7206 | N43: =N24*N15/365 -> 9045.1722 | O43: =O24*O15/365 -> 9316.5274 | P43: =P24*P15/365 -> 9596.0232 | Q43: =Q24*Q15/365 -> 9883.9039 | ... T43: =T24*T15/365 -> 10800.409
B44: Inventaire | E44: 7805 | F44: 9601 | G44: 9825 | H44: 10531 | I44: 11342 | J44: =J25*J16/365 -> 11714.984 | K44: =K25*K16/365 -> 12242.159 | L44: =L25*L16/365 -> 12387.741 | M44: =M25*M16/365 -> 12821.312 | N44: =N25*N16/365 -> 12839.119 | O44: =O25*O16/365 -> 13224.293 | P44: =P25*P16/365 -> 13621.022 | Q44: =Q25*Q16/365 -> 14029.652 | ... T44: =T25*T16/365 -> 15330.58
B45: Immobilisation | E45: 45500 | F45: 42350 | G45: 40145 | H45: 38602 | I45: 37521 | J45: =J96 -> 23267.06 | K45: =K96 -> 14672.634 | L45: =L96 -> 9465.3185 | M45: =M96 -> 6281.373 | N45: =N96 -> 4303.0451 | O45: =O96 -> 3132.075 | P45: =P96 -> 2446.0004 | Q45: =Q96 -> 2051.3583 | ... T45: =T96 -> 1669.0245
B46: Total des actifs | E46: =SUM(E42:E45) -> 226376 | F46: =SUM(F42:F45) -> 239065 | G46: =SUM(G42:G45) -> 240252 | H46: =SUM(H42:H45) -> 267319 | I46: =SUM(I42:I45) -> 295952 | J46: =SUM(J42:J45) -> 331375.08 | K46: =SUM(K42:K45) -> 374134.49 | L46: =SUM(L42:L45) -> 403416.11 | ... T46: =SUM(T42:T45) -> 782377.56
B48: Passifs
B49: Comptes payables | E49: 3902 | F49: 4800 | G49: 4912 | H49: 5265 | I49: 5671 | J49: =J25*J17/365 -> 5937.7318 | K49: =K25*K17/365 -> 6204.9298 | L49: =L25*L17/365 -> 6278.7181 | M49: =M25*M17/365 -> 6498.4732 | N49: =N25*N17/365 -> 6507.4989 | O49: =O25*O17/365 -> 6702.7239 | P49: =P25*P17/365 -> 6903.8056 | Q49: =Q25*Q17/365 -> 7110.9197 | ... T49: =T25*T17/365 -> 7770.294
B50: Dette | E50: 50000 | F50: 50000 | G50: 30000 | H50: 30000 | I50: 30000 | J50: =J101 -> 30000 | K50: =K101 -> 30000 | L50: =L101 -> 10000 | M50: =M101 -> 10000 | N50: =N101 -> 10000 | O50: =O101 -> 10000 | P50: =P101 -> 10000 | Q50: =Q101 -> 10000 | ... T50: =T101 -> 10000
B51: Total des passifs | E51: =SUM(E49:E50) -> 53902 | F51: =SUM(F49:F50) -> 54800 | G51: =SUM(G49:G50) -> 34912 | H51: =SUM(H49:H50) -> 35265 | I51: =SUM(I49:I50) -> 35671 | J51: =SUM(J49:J50) -> 35937.732 | K51: =SUM(K49:K50) -> 36204.93 | L51: =SUM(L49:L50) -> 16278.718 | ... T51: =SUM(T49:T50) -> 17770.294
B52: Capitaux propres
B53: Equity capital | E53: 170000 | F53: 170000 | G53: 170000 | H53: 170000 | I53: 170000 | J53: =I53+J20 -> 170000 | K53: =J53+K20 -> 170000 | L53: =K53+L20 -> 170000 | M53: =L53+M20 -> 20000 | N53: =M53+N20 -> 20000 | O53: =N53+O20 -> 20000 | P53: =O53+P20 -> 20000 | Q53: =P53+Q20 -> 20000 | ... T53: =S53+T20 -> 20000
B54: Bénéfice non réparti | E54: 2474 | F54: 14265 | G54: 35340 | H54: 62053 | I54: 90280 | J54: =I54+J37 -> 125435.35 | K54: =J54+K37 -> 167927.56 | L54: =K54+L37 -> 217135.39 | M54: =L54+M37 -> 271049.77 | N54: =M54+N37 -> 329663.42 | O54: =N54+O37 -> 391421.99 | P54: =O54+P37 -> 456170.21 | Q54: =P54+Q37 -> 523848.01 | ... T54: =S54+T37 -> 744605.27
B55: Total des capitaux propres | E55: =SUM(E53:E54) -> 172474 | F55: =SUM(F53:F54) -> 184265 | G55: =SUM(G53:G54) -> 205340 | H55: =SUM(H53:H54) -> 232053 | I55: =SUM(I53:I54) -> 260280 | J55: =SUM(J53:J54) -> 295435.35 | K55: =SUM(K53:K54) -> 337927.56 | L55: =SUM(L53:L54) -> 387135.39 | ... T55: =SUM(T53:T54) -> 764605.27
B56: Total des passifs et des capitaux propres | E56: =E51+E55 -> 226376 | F56: =F51+F55 -> 239065 | G56: =G51+G55 -> 240252 | H56: =H51+H55 -> 267318 | I56: =I51+I55 -> 295951 | J56: =J51+J55 -> 331373.08 | K56: =K51+K55 -> 374132.49 | L56: =L51+L55 -> 403414.11 | ... T56: =T51+T55 -> 782375.56
B58: Check | E58: =E56-E46 -> 0 | F58: =F56-F46 -> 0 | G58: =G56-G46 -> 0 | H58: =H56-H46 -> -1 | I58: =I56-I46 -> -1 | J58: =J56-J46 -> -2 | K58: =K56-K46 -> -2 | L58: =L56-L46 -> -2 | ... T58: =T56-T46 -> -2
B61: État des flux de trésorerie | E61: =E40 -> 2014 | F61: =F40 -> 2015 | G61: =G40 -> 2016 | H61: =H40 -> 2017 | I61: =I40 -> 2018 | J61: =J40 -> 2019 | K61: =K40 -> 2020 | L61: =L40 -> 2021 | ... T61: =T40 -> 2029
B62: Operating Cash Flow
B63: Bénéfice net | E63: =E37 -> 2474 | F63: =F37 -> 11791 | G63: =G37 -> 21075 | H63: =H37 -> 26713 | I63: =I37 -> 28227 | J63: =J37 -> 35155.352 | K63: =K37 -> 42492.211 | L63: =L37 -> 49207.825 | ... T63: =T37 -> 76584.933
B64: Plus : Dépréciation et amortissement | E64: =E30 -> 19500 | F64: =F30 -> 18150 | G64: =G30 -> 17205 | H64: =H30 -> 16544 | I64: =I30 -> 16080 | J64: =J30 -> 15008.8 | K64: =K30 -> 9306.824 | L64: =L30 -> 5869.0535 | ... T64: =T30 -> 687.42418
B65: Moins : Changement dans le Working cap. | E65: 9003 | F65: 1702 | G65: 775 | H65: 903 | I65: 826 | J65: =J90 -> 374.35066 | K65: =K90 -> 611.29578 | L65: =L90 -> 398.13077 | M65: =M90 -> 510.7822 | N65: =N90 -> 272.23334 | O65: =O90 -> 461.30378 | P65: =P90 -> 475.1429 | Q65: =Q90 -> 489.39718 | ... T65: =T90 -> 534.77752
B66: Cash from Operations | E66: =E63+E64-E65 -> 12971 | F66: =F63+F64-F65 -> 28239 | G66: =G63+G64-G65 -> 37505 | H66: =H63+H64-H65 -> 42354 | I66: =I63+I64-I65 -> 43481 | J66: =J63+J64-J65 -> 49789.801 | K66: =K63+K64-K65 -> 51187.739 | L66: =L63+L64-L65 -> 54678.747 | ... T66: =T63+T64-T65 -> 76737.579
B68: Investing Cash Flow
B69: CAPEX | E69: 15000 | F69: 15000 | G69: 15000 | H69: 15000 | I69: 15000 | J69: =J18 -> 753.86 | K69: =K18 -> 712.3977 | L69: =L18 -> 661.73831 | M69: =M18 -> 602.18186 | N69: =N18 -> 534.22134 | O69: =O18 -> 550.24798 | P69: =P18 -> 566.75542 | Q69: =Q18 -> 583.75808 | ... T69: =T18 -> 637.88821
B70: Cash from investing | E70: =SUM(E69) -> 15000 | F70: =SUM(F69) -> 15000 | G70: =SUM(G69) -> 15000 | H70: =SUM(H69) -> 15000 | I70: =SUM(I69) -> 15000 | J70: =SUM(J69) -> 753.86 | K70: =SUM(K69) -> 712.3977 | L70: =SUM(L69) -> 661.73831 | ... T70: =SUM(T69) -> 637.88821
B72: Financial cash flow
B73: Émission (paiement) de la dette | G73: -20000 | J73: =J19 -> 0 | K73: =K19 -> 0 | L73: =L19 -> -20000 | M73: =M19 -> 0 | N73: =N19 -> 0 | O73: =O19 -> 0 | P73: =P19 -> 0 | Q73: =Q19 -> 0 | ... T73: =T19 -> 0
B74: Émission (paiement) de capitaux propres | E74: 170000 | J74: =J20 -> 0 | K74: =K20 -> 0 | L74: =L20 -> 0 | M74: =M20 -> -150000 | N74: =N20 -> 0 | O74: =O20 -> 0 | P74: =P20 -> 0 | Q74: =Q20 -> 0 | ... T74: =T20 -> 0
B75: Cash from financing | E75: =SUM(E73:E74) -> 170000 | F75: =SUM(F73:F74) -> 0 | G75: =SUM(G73:G74) -> -20000 | H75: =SUM(H73:H74) -> 0 | I75: =SUM(I73:I74) -> 0 | J75: =SUM(J73:J74) -> 0 | K75: =SUM(K73:K74) -> 0 | L75: =SUM(L73:L74) -> -20000 | ... T75: =SUM(T73:T74) -> 0
B77: Augmentation (diminution) de l'encaisse | E77: =E66-E70+E75 -> 167971 | F77: =F66-F70+F75 -> 13239 | G77: =G66-G70+G75 -> 2505 | H77: =H66-H70+H75 -> 27354 | I77: =I66-I70+I75 -> 28481 | J77: =J66-J70+J75 -> 49035.941 | K77: =K66-K70+K75 -> 50475.341 | L77: =L66-L70+L75 -> 34017.009 | ... T77: =T66-T70+T75 -> 76099.691
B78: Encaisse au début | E78: =D79 -> 0 | F78: =E79 -> 167971 | G78: =F79 -> 181210 | H78: =G79 -> 183715 | I78: =H79 -> 211069 | J78: =I79 -> 239550 | K78: =J79 -> 288585.94 | L78: =K79 -> 339061.28 | ... T78: =S79 -> 678477.86
B79: Encaisse à la fin | E79: =SUM(E77:E78) -> 167971 | F79: =SUM(F77:F78) -> 181210 | G79: =SUM(G77:G78) -> 183715 | H79: =SUM(H77:H78) -> 211069 | I79: =SUM(I77:I78) -> 239550 | J79: =SUM(J77:J78) -> 288585.94 | K79: =SUM(K77:K78) -> 339061.28 | L79: =SUM(L77:L78) -> 373078.29 | ... T79: =SUM(T77:T78) -> 754577.55
B81: Check | E81: =E79-E42 -> 0 | F81: =F79-F42 -> 0 | G81: =G79-G42 -> 0 | H81: =H79-H42 -> 0 | I81: =I79-I42 -> 0 | J81: =J79-J42 -> 0 | K81: =K79-K42 -> 0 | L81: =L79-L42 -> 0 | ... T81: =T79-T42 -> 0
B84: Supporting schedules | E84: =E61 -> 2014 | F84: =F61 -> 2015 | G84: =G61 -> 2016 | H84: =H61 -> 2017 | I84: =I61 -> 2018 | J84: =J61 -> 2019 | K84: =K61 -> 2020 | L84: =L61 -> 2021 | ... T84: =T61 -> 2029
B85: Working Capital Schedule
B86: Comptes recevables | E86: 5100 | F86: 5904 | G86: 6567 | H86: 7117 | I86: 7539 | J86: =J43 -> 7807.0981 | K86: =K43 -> 8158.4175 | L86: =L43 -> 8484.7542 | M86: =M43 -> 8781.7206 | N86: =N43 -> 9045.1722 | O86: =O43 -> 9316.5274 | P86: =P43 -> 9596.0232 | Q86: =Q43 -> 9883.9039 | ... T86: =T43 -> 10800.409
B87: Inventaires | E87: 7805 | F87: 9601 | G87: 9825 | H87: 10531 | I87: 11342 | J87: =J44 -> 11714.984 | K87: =K44 -> 12242.159 | L87: =L44 -> 12387.741 | M87: =M44 -> 12821.312 | N87: =N44 -> 12839.119 | O87: =O44 -> 13224.293 | P87: =P44 -> 13621.022 | Q87: =Q44 -> 14029.652 | ... T87: =T44 -> 15330.58
B88: Comptes payables | E88: 3902 | F88: 4800 | G88: 4912 | H88: 5265 | I88: 5671 | J88: =J49 -> 5937.7318 | K88: =K49 -> 6204.9298 | L88: =L49 -> 6278.7181 | M88: =M49 -> 6498.4732 | N88: =N49 -> 6507.4989 | O88: =O49 -> 6702.7239 | P88: =P49 -> 6903.8056 | Q88: =Q49 -> 7110.9197 | ... T88: =T49 -> 7770.294
B89: Net working capital (NWC) | E89: =E86+E87-E88 -> 9003 | F89: =F86+F87-F88 -> 10705 | G89: =G86+G87-G88 -> 11480 | H89: =H86+H87-H88 -> 12383 | I89: =I86+I87-I88 -> 13210 | J89: =J86+J87-J88 -> 13584.351 | K89: =K86+K87-K88 -> 14195.646 | L89: =L86+L87-L88 -> 14593.777 | ... T89: =T86+T87-T88 -> 18360.695
B90: Changement in NWC | E90: =E89-D89 -> 9003 | F90: =F89-E89 -> 1702 | G90: =G89-F89 -> 775 | H90: =H89-G89 -> 903 | I90: =I89-H89 -> 827 | J90: =J89-I89 -> 374.35066 | K90: =K89-J89 -> 611.29578 | L90: =L89-K89 -> 398.13077 | ... T90: =T89-S89 -> 534.77752
B92: Depreciation Schedule
B93: Immobilisation au début | E93: 50000 | F93: 45500 | G93: 42350 | H93: 40145 | I93: 38602 | J93: =I96 -> 37522 | K93: =J96 -> 23267.06 | L93: =K96 -> 14672.634 | M93: =L96 -> 9465.3185 | N93: =M96 -> 6281.373 | O93: =N96 -> 4303.0451 | P93: =O96 -> 3132.075 | Q93: =P96 -> 2446.0004 | ... T93: =S96 -> 1718.5604
B94: Plus : CAPEX | E94: 15000 | F94: 15000 | G94: 15000 | H94: 15000 | I94: 15000 | J94: =J18 -> 753.86 | K94: =K18 -> 712.3977 | L94: =L18 -> 661.73831 | M94: =M18 -> 602.18186 | N94: =N18 -> 534.22134 | O94: =O18 -> 550.24798 | P94: =P18 -> 566.75542 | Q94: =Q18 -> 583.75808 | ... T94: =T18 -> 637.88821
B95: Moins : Dépréciation | E95: 19500 | F95: 18150 | G95: 17205 | H95: 16544 | I95: 16080 | J95: =J93*J11 -> 15008.8 | K95: =K93*K11 -> 9306.824 | L95: =L93*L11 -> 5869.0535 | M95: =M93*M11 -> 3786.1274 | N95: =N93*N11 -> 2512.5492 | O95: =O93*O11 -> 1721.218 | P95: =P93*P11 -> 1252.83 | Q95: =Q93*Q11 -> 978.40018 | ... T95: =T93*T11 -> 687.42418
B96: Immobilisation à la fin | E96: =E93+E94-E95 -> 45500 | F96: =F93+F94-F95 -> 42350 | G96: =G93+G94-G95 -> 40145 | H96: =H93+H94-H95 -> 38601 | I96: =I93+I94-I95 -> 37522 | J96: =J93+J94-J95 -> 23267.06 | K96: =K93+K94-K95 -> 14672.634 | L96: =L93+L94-L95 -> 9465.3185 | ... T96: =T93+T94-T95 -> 1669.0245
B98: Debt and interest Schedule
B99: Dette au début | E99: 50000 | F99: 50000 | G99: 50000 | H99: 30000 | I99: 30000 | J99: =I101 -> 30000 | K99: =J101 -> 30000 | L99: =K101 -> 30000 | M99: =L101 -> 10000 | N99: =M101 -> 10000 | O99: =N101 -> 10000 | P99: =O101 -> 10000 | Q99: =P101 -> 10000 | ... T99: =S101 -> 10000
B100: Émission (paiement) | E100: 0 | F100: 0 | G100: -20000 | H100: 0 | I100: 0 | J100: =J19 -> 0 | K100: =K19 -> 0 | L100: =L19 -> -20000 | M100: =M19 -> 0 | N100: =N19 -> 0 | O100: =O19 -> 0 | P100: =P19 -> 0 | Q100: =Q19 -> 0 | ... T100: =T19 -> 0
B101: Dette à la fin | E101: =SUM(E99:E100) -> 50000 | F101: =SUM(F99:F100) -> 50000 | G101: =SUM(G99:G100) -> 30000 | H101: =SUM(H99:H100) -> 30000 | I101: =SUM(I99:I100) -> 30000 | J101: =SUM(J99:J100) -> 30000 | K101: =SUM(K99:K100) -> 30000 | L101: =SUM(L99:L100) -> 10000 | ... T101: =SUM(T99:T100) -> 10000
B102: Dépense d'intérêt | E102: 2500 | F102: 2500 | G102: 1500 | H102: 900 | I102: 900 | J102: =J99*J12 -> 900 | K102: =K99*K12 -> 900 | L102: =L99*L12 -> 900 | M102: =M99*M12 -> 300 | N102: =N99*N12 -> 300 | O102: =O99*O12 -> 300 | P102: =P99*P12 -> 300 | Q102: =Q99*Q12 -> 300 | ... T102: =T99*T12 -> 300

Sheet Ratio
B1: 2014 | C1: =B1+1 -> 2015 | D1: =C1+1 -> 2016 | E1: =D1+1 -> 2017 | F1: =E1+1 -> 2018 | G1: =F1+1 -> 2019 | H1: =G1+1 -> 2020 | I1: =H1+1 -> 2021 | J1: =I1+1 -> 2022 | ... P1: =O1+1 -> 2028
G2: 1 | H2: =G2+1 -> 2 | I2: =H2+1 -> 3 | J2: =I2+1 -> 4 | K2: =J2+1 -> 5 | L2: =K2+1 -> 6 | M2: =L2+1 -> 7 | N2: =M2+1 -> 8 | O2: =N2+1 -> 9 | P2: =O2+1 -> 10
A3: ROE | B3: ='3 Financial statements'!E37/'3 Financial statements'!E55 -> 0.014344191 | C3: ='3 Financial statements'!F37/'3 Financial statements'!F55 -> 0.063989363 | D3: ='3 Financial statements'!G37/'3 Financial statements'!G55 -> 0.10263465 | E3: ='3 Financial statements'!H37/'3 Financial statements'!H55 -> 0.11511594 | F3: ='3 Financial statements'!I37/'3 Financial statements'!I55 -> 0.10844859 | G3: ='3 Financial statements'!J37/'3 Financial statements'!J55 -> 0.11899508 | H3: ='3 Financial statements'!K37/'3 Financial statements'!K55 -> 0.12574355 | I3: ='3 Financial statements'!L37/'3 Financial statements'!L55 -> 0.12710753 | ... P3: ='3 Financial statements'!S37/'3 Financial statements'!S55 -> 0.1069255
A4: ROA | B4: ='3 Financial statements'!E37/'3 Financial statements'!E46 -> 0.01092872 | C4: ='3 Financial statements'!F37/'3 Financial statements'!F46 -> 0.049321314 | D4: ='3 Financial statements'!G37/'3 Financial statements'!G46 -> 0.087720394 | E4: ='3 Financial statements'!H37/'3 Financial statements'!H46 -> 0.099929298 | F4: ='3 Financial statements'!I37/'3 Financial statements'!I46 -> 0.095376953 | G4: ='3 Financial statements'!J37/'3 Financial statements'!J46 -> 0.1060893 | H4: ='3 Financial statements'!K37/'3 Financial statements'!K46 -> 0.11357469 | I4: ='3 Financial statements'!L37/'3 Financial statements'!L46 -> 0.12197784 | ... P4: ='3 Financial statements'!S37/'3 Financial statements'!S46 -> 0.10426649
A5: ROCE | B5: ='3 Financial statements'!E32/'3 Financial statements'!E56 -> 0.026919815 | C5: ='3 Financial statements'!F32/'3 Financial statements'!F56 -> 0.080099555 | D5: ='3 Financial statements'!G32/'3 Financial statements'!G56 -> 0.1292726 | E5: ='3 Financial statements'!H32/'3 Financial statements'!H56 -> 0.14410178 | F5: ='3 Financial statements'!I32/'3 Financial statements'!I56 -> 0.13760724 | G5: ='3 Financial statements'!J32/'3 Financial statements'!J56 -> 0.15006312 | H5: ='3 Financial statements'!K32/'3 Financial statements'!K56 -> 0.16014904 | I5: ='3 Financial statements'!L32/'3 Financial statements'!L56 -> 0.17164546 | ... P5: ='3 Financial statements'!S32/'3 Financial statements'!S56 -> 0.14524017
A8: Marge brute | B8: ='3 Financial statements'!E26/'3 Financial statements'!E24 -> 0.61744782 | C8: ='3 Financial statements'!F26/'3 Financial statements'!F24 -> 0.59348272 | D8: ='3 Financial statements'!G26/'3 Financial statements'!G24 -> 0.62600023 | E8: ='3 Financial statements'!H26/'3 Financial statements'!H24 -> 0.62587027 | F8: ='3 Financial statements'!I26/'3 Financial statements'!I24 -> 0.61988963 | G8: ='3 Financial statements'!J26/'3 Financial statements'!J24 -> 0.63 | H8: ='3 Financial statements'!K26/'3 Financial statements'!K24 -> 0.63 | I8: ='3 Financial statements'!L26/'3 Financial statements'!L24 -> 0.64 | ... P8: ='3 Financial statements'!S26/'3 Financial statements'!S24 -> 0.65
A9: Marge nette | B9: ='3 Financial statements'!E37/'3 Financial statements'!E24 -> 0.024253238 | C9: ='3 Financial statements'!F37/'3 Financial statements'!F24 -> 0.099850956 | D9: ='3 Financial statements'!G37/'3 Financial statements'!G24 -> 0.16045529 | E9: ='3 Financial statements'!H37/'3 Financial statements'!H24 -> 0.18766905 | F9: ='3 Financial statements'!I37/'3 Financial statements'!I24 -> 0.18721646 | G9: ='3 Financial statements'!J37/'3 Financial statements'!J24 -> 0.22206569 | H9: ='3 Financial statements'!K37/'3 Financial statements'!K24 -> 0.25685205 | I9: ='3 Financial statements'!L37/'3 Financial statements'!L24 -> 0.2860056 | ... P9: ='3 Financial statements'!S37/'3 Financial statements'!S24 -> 0.34598658
A10: BPA | B10: ='3 Financial statements'!E37/'DCF model'!$G$42 -> 0.02474 | C10: ='3 Financial statements'!F37/'DCF model'!$G$42 -> 0.11791 | D10: ='3 Financial statements'!G37/'DCF model'!$G$42 -> 0.21075 | E10: ='3 Financial statements'!H37/'DCF model'!$G$42 -> 0.26713 | F10: ='3 Financial statements'!I37/'DCF model'!$G$42 -> 0.28227 | G10: ='3 Financial statements'!J37/'DCF model'!$G$42 -> 0.35155352 | H10: ='3 Financial statements'!K37/'DCF model'!$G$42 -> 0.42492211 | I10: ='3 Financial statements'!L37/'DCF model'!$G$42 -> 0.49207825 | ... P10: ='3 Financial statements'!S37/'DCF model'!$G$42 -> 0.73566921

Sheet WACC
A1: Assumptions | F1: Proportion de la dette
E2: =B16 -> 0.10854832 | F2: 0.4 | G2: 0.5 | H2: 0.55 | I2: 0.6 | J2: 0.65
A3: Taux sans risque | B3: 0.025 | D3: Coût de la dette | E3: 0.02 | F3: 0.11196578 | G3: 0.11340578 | H3: 0.11412578 | I3: 0.11484578 | J3: 0.11556578
A4: Expected Market Return | B4: 0.1003 | E4: 0.025 | F4: 0.11340578 | G4: 0.11520578 | H4: 0.11610578 | I4: 0.11700578 | J4: 0.11790578
A5: Market Risk Premium | B5: =B4-B3 -> 0.0753 | E5: 0.03 | F5: 0.11484578 | G5: 0.11700578 | H5: 0.11808578 | I5: 0.11916578 | J5: 0.12024578
A6: Beta | B6: 1.25 | E6: 0.035 | F6: 0.11628578 | G6: 0.11880578 | H6: 0.12006578 | I6: 0.12132578 | J6: 0.12258578
A7: CAPM Cost of Equity | B7: =B3+B6*B5 -> 0.119125 | E7: 0.04 | F7: 0.11772578 | G7: 0.12060578 | H7: 0.12204578 | I7: 0.12348578 | J7: 0.12492578
A8: Cost of Debt | B8: ='3 Financial statements'!J12 -> 0.03
A9: Taux d'imposition | B9: ='3 Financial statements'!J13 -> 0.28
A10: After-tax Cost of Debt | B10: =B8*(1-B9) -> 0.0216 | F10: Coût de l'equity
E11: =B16 -> 0.10854832 | F11: 0.1 | G11: 0.11 | H11: 0.12 | I11: 0.13 | J11: 0.14
D12: Coût de la dette | E12: 0.02 | F12: 0.090716597 | G12: 0.099632087 | H12: 0.10854758 | I12: 0.11746307 | J12: 0.12637856
A13: Proportion cible | E13: 0.025 | F13: 0.091107021 | G13: 0.10002251 | H13: 0.108938 | I13: 0.11785349 | J13: 0.12676898
A14: % Equity | B14: ='3 Financial statements'!J55/'3 Financial statements'!J56 -> 0.89154903 | E14: 0.03 | F14: 0.091497444 | G14: 0.10041293 | H14: 0.10932842 | I14: 0.11824392 | J14: 0.12715941
A15: % Debt | B15: ='3 Financial statements'!J51/'3 Financial statements'!J56 -> 0.10845097 | E15: 0.035 | F15: 0.091887868 | G15: 0.10080336 | H15: 0.10971885 | I15: 0.11863434 | J15: 0.12754983
A16: WACC | B16: =B14*B7+B15*B10 -> 0.10854832 | E16: 0.04 | F16: 0.092278291 | G16: 0.10119378 | H16: 0.11010927 | I16: 0.11902476 | J16: 0.12794025

Sheet DCF model
A1: Model Summary
A3: Forecast Summary | B3: ='3 Financial statements'!I2 -> 2018 | C3: =C20 -> 2019 | D3: =D20 -> 2020 | E3: =E20 -> 2021 | F3: =F20 -> 2022 | G3: =G20 -> 2023 | H3: =H20 -> 2024 | I3: =I20 -> 2025 | J3: =J20 -> 2026 | ... L3: =L20 -> 2028 | M3: ='3 Financial statements'!T2 -> 2029
A4: Ventes | B4: ='3 Financial statements'!I24 -> 150772 | C4: ='3 Financial statements'!J24 -> 158310.6 | D4: ='3 Financial statements'!K24 -> 165434.58 | E4: ='3 Financial statements'!L24 -> 172051.96 | F4: ='3 Financial statements'!M24 -> 178073.78 | G4: ='3 Financial statements'!N24 -> 183415.99 | H4: ='3 Financial statements'!O24 -> 188918.47 | I4: ='3 Financial statements'!P24 -> 194586.03 | ... M4: ='3 Financial statements'!T24 -> 219008.29
A5: Sales Growth Rate | B5: =B4/'3 Financial statements'!H24-1 -> 0.059231002 | C5: =C4/B4-1 -> 0.05 | D5: =D4/C4-1 -> 0.045 | E5: =E4/D4-1 -> 0.04 | F5: =F4/E4-1 -> 0.035 | G5: =G4/F4-1 -> 0.03 | H5: =H4/G4-1 -> 0.03 | I5: =I4/H4-1 -> 0.03 | J5: =J4/I4-1 -> 0.03 | ... M5: =M4/L4-1 -> 0.03
A6: EBITDA | B6: ='3 Financial statements'!I32+'3 Financial statements'!I30 -> 56805 | C6: ='3 Financial statements'!J32+'3 Financial statements'!J30 -> 64735.678 | D6: ='3 Financial statements'!K32+'3 Financial statements'!K30 -> 69223.784 | E6: ='3 Financial statements'!L32+'3 Financial statements'!L30 -> 75113.254 | F6: ='3 Financial statements'!M32+'3 Financial statements'!M30 -> 78967.218 | G6: ='3 Financial statements'!N32+'3 Financial statements'!N30 -> 84220.395 | H6: ='3 Financial statements'!O32+'3 Financial statements'!O30 -> 87797.007 | I6: ='3 Financial statements'!P32+'3 Financial statements'!P30 -> 91480.917 | ... M6: ='3 Financial statements'!T32+'3 Financial statements'!T30 -> 107355.39
A7: EBITDA Growth Rate | B7: =(B6/('3 Financial statements'!H32+'3 Financial statements'!H30))-1 -> 0.031599019 | C7: =C6/B6-1 -> 0.13961232 | D7: =D6/C6-1 -> 0.069329706 | E7: =E6/D6-1 -> 0.085078721 | F7: =F6/E6-1 -> 0.051308706 | G7: =G6/F6-1 -> 0.066523509 | H7: =H6/G6-1 -> 0.042467289 | I7: =I6/H6-1 -> 0.041959405 | J7: =J6/I6-1 -> 0.041477804 | ... M7: =M6/L6-1 -> 0.04017352
A8: EBITDA Margin | B8: ='DCF model'!B6/'3 Financial statements'!I24 -> 0.37676094 | C8: ='DCF model'!C6/'3 Financial statements'!J24 -> 0.40891563 | D8: ='DCF model'!D6/'3 Financial statements'!K24 -> 0.41843601 | E8: ='DCF model'!E6/'3 Financial statements'!L24 -> 0.43657308 | F8: ='DCF model'!F6/'3 Financial statements'!M24 -> 0.44345225 | G8: ='DCF model'!G6/'3 Financial statements'!N24 -> 0.45917694 | H8: ='DCF model'!H6/'3 Financial statements'!O24 -> 0.4647349 | I8: ='DCF model'!I6/'3 Financial statements'!P24 -> 0.47013097 | ... M8: ='DCF model'!M6/'3 Financial statements'!T24 -> 0.4901887
A9: Total Debt Ending Balance | B9: ='3 Financial statements'!I51 -> 35671 | C9: ='3 Financial statements'!J51 -> 35937.732 | D9: ='3 Financial statements'!K51 -> 36204.93 | E9: ='3 Financial statements'!L51 -> 16278.718 | F9: ='3 Financial statements'!M51 -> 16498.473 | G9: ='3 Financial statements'!N51 -> 16507.499 | H9: ='3 Financial statements'!O51 -> 16702.724 | I9: ='3 Financial statements'!P51 -> 16903.806 | ... M9: ='3 Financial statements'!T51 -> 17770.294
A18: DCF model - Firm name
C20: ='3 Financial statements'!J2 -> 2019 | D20: ='3 Financial statements'!K2 -> 2020 | E20: ='3 Financial statements'!L2 -> 2021 | F20: ='3 Financial statements'!M2 -> 2022 | G20: ='3 Financial statements'!N2 -> 2023 | H20: ='3 Financial statements'!O2 -> 2024 | I20: ='3 Financial statements'!P2 -> 2025 | J20: ='3 Financial statements'!Q2 -> 2026 | ... L20: ='3 Financial statements'!S2 -> 2028
C21: ='3 Financial statements'!J3 -> 1 | D21: ='3 Financial statements'!K3 -> 2 | E21: ='3 Financial statements'!L3 -> 3 | F21: ='3 Financial statements'!M3 -> 4 | G21: ='3 Financial statements'!N3 -> 5 | H21: ='3 Financial statements'!O3 -> 6 | I21: ='3 Financial statements'!P3 -> 7 | J21: ='3 Financial statements'!Q3 -> 8 | ... L21: ='3 Financial statements'!S3 -> 10
A22: EBIT*(1-T) | C22: ='3 Financial statements'!J32*(1-'3 Financial statements'!J13) -> 35803.352 | D22: ='3 Financial statements'!K32*(1-'3 Financial statements'!K13) -> 43140.211 | E22: ='3 Financial statements'!L32*(1-'3 Financial statements'!L13) -> 49855.825 | F22: ='3 Financial statements'!M32*(1-'3 Financial statements'!M13) -> 54130.385 | G22: ='3 Financial statements'!N32*(1-'3 Financial statements'!N13) -> 58829.649 | H22: ='3 Financial statements'!O32*(1-'3 Financial statements'!O13) -> 61974.568 | I22: ='3 Financial statements'!P32*(1-'3 Financial statements'!P13) -> 64964.223 | J22: ='3 Financial statements'!Q32*(1-'3 Financial statements'!Q13) -> 67893.8 | ... L22: ='3 Financial statements'!S32*(1-'3 Financial statements'!S13) -> 73782.921
A23: Plus : Dépréciation et amortissement | C23: ='3 Financial statements'!J30 -> 15008.8 | D23: ='3 Financial statements'!K30 -> 9306.824 | E23: ='3 Financial statements'!L30 -> 5869.0535 | F23: ='3 Financial statements'!M30 -> 3786.1274 | G23: ='3 Financial statements'!N30 -> 2512.5492 | H23: ='3 Financial statements'!O30 -> 1721.218 | I23: ='3 Financial statements'!P30 -> 1252.83 | J23: ='3 Financial statements'!Q30 -> 978.40018 | ... L23: ='3 Financial statements'!S30 -> 732.83433
A24: Moins : CAPEX | C24: ='3 Financial statements'!J18 -> 753.86 | D24: ='3 Financial statements'!K18 -> 712.3977 | E24: ='3 Financial statements'!L18 -> 661.73831 | F24: ='3 Financial statements'!M18 -> 602.18186 | G24: ='3 Financial statements'!N18 -> 534.22134 | H24: ='3 Financial statements'!O18 -> 550.24798 | I24: ='3 Financial statements'!P18 -> 566.75542 | J24: ='3 Financial statements'!Q18 -> 583.75808 | ... L24: ='3 Financial statements'!S18 -> 619.30894
A25: Moins : Change in NWC | C25: ='3 Financial statements'!J90 -> 374.35066 | D25: ='3 Financial statements'!K90 -> 611.29578 | E25: ='3 Financial statements'!L90 -> 398.13077 | F25: ='3 Financial statements'!M90 -> 510.7822 | G25: ='3 Financial statements'!N90 -> 272.23334 | H25: ='3 Financial statements'!O90 -> 461.30378 | I25: ='3 Financial statements'!P90 -> 475.1429 | J25: ='3 Financial statements'!Q90 -> 489.39718 | ... L25: ='3 Financial statements'!S90 -> 519.20147
A26: Total des cash flows | C26: =C22+C23-C24-C25 -> 49683.941 | D26: =D22+D23-D24-D25 -> 51123.341 | E26: =E22+E23-E24-E25 -> 54665.009 | F26: =F22+F23-F24-F25 -> 56803.549 | G26: =G22+G23-G24-G25 -> 60535.743 | H26: =H22+H23-H24-H25 -> 62684.234 | I26: =I22+I23-I24-I25 -> 65175.154 | J26: =J22+J23-J24-J25 -> 67799.045 | ... L26: =L22+L23-L24-L25 -> 73377.244
A27: WACC | C27: =$L$35 -> 0.10854832 | D27: =$L$35 -> 0.10854832 | E27: =$L$35 -> 0.10854832 | F27: =$L$35 -> 0.10854832 | G27: =$L$35 -> 0.10854832 | H27: =$L$35 -> 0.10854832 | I27: =$L$35 -> 0.10854832 | J27: =$L$35 -> 0.10854832 | ... L27: =$L$35 -> 0.10854832
A28: Discount Factor | C28: =(1+C27)^-C21 -> 0.90208066 | D28: =(1+D27)^-D21 -> 0.81374952 | E28: =(1+E27)^-E21 -> 0.7340677 | F28: =(1+F27)^-F21 -> 0.66218828 | G28: =(1+G27)^-G21 -> 0.59734724 | H28: =(1+H27)^-H21 -> 0.53885539 | I28: =(1+I27)^-I21 -> 0.48609103 | J28: =(1+J27)^-J21 -> 0.43849332 | ... L28: =(1+L27)^-L21 -> 0.35682372
A29: Cash flows actualisés | C29: =C26*C28 -> 44818.923 | D29: =D26*D28 -> 41601.594 | E29: =E26*E28 -> 40127.818 | F29: =F26*F28 -> 37614.644 | G29: =G26*G28 -> 36160.859 | H29: =H26*H28 -> 33777.738 | I29: =I26*I28 -> 31681.058 | J29: =J26*J28 -> 29729.428 | ... L29: =L26*L28 -> 26182.742
A32: Enterprise value | D32: Implied Equity Value and Share Price | I32: Implied Perpetuity Growth Rate
A34: Cumulative Present Value of FCF | B34: =SUM(C29:L29) -> 349596 | D34: Enterprise Value | G34: =B44 -> 662629.41 | I34: Terminal Year Free Cash Flow (2028E) | L34: =L26 -> 73377.244
A35: % of Enterprise Value | B35: =B34/B44 -> 0.52758902 | D35: Less : Total Debt | G35: =B9 -> 35671 | I35: WACC | L35: =WACC!B16 -> 0.10854832
A36: Terminal Value | D36: Less : Preferred Securities | G36: 0 | I36: Terminal Value | L36: =B39 -> 877277.46
A37: Terminal Year EBITDA (2028E) | B37: =L6 -> 103209.11 | D37: Plus : Cash & Equivalents | G37: ='3 Financial statements'!I42 -> 239550
A38: Exit Multiple | B38: 8.5 | I38: Implied Perpetuity Growth Rate | L38: =(L36*L35-L34)/(L36+L34) -> 0.022983897
A39: Terminal Value | B39: =B37*B38 -> 877277.46
A40: Discount Factor | B40: =L28 -> 0.35682372 | D40: Implied Equity Value | G40: =G34-G35-G36+G37 -> 866508.41 | I40: Implied EV/EBITDA
A41: Present value of Terminal Value | B41: =B39*B40 -> 313033.41 | I41: Enterprise Value | L41: =B44 -> 662629.41
A42: % of Enterprise Value | B42: =B41/B44 -> 0.47241098 | D42: Shares Outstanding | G42: 100000 | I42: LTM EBITDA (2018) | L42: =B6 -> 56805
A44: Enterprise Value | B44: =B34+B41 -> 662629.41 | D44: Implied Share Price | G44: =G40/G42 -> 8.6650841 | I44: Implied EV/EBITDA | L44: =L41/L42 -> 11.664984
B47: En 2028 | C47: Actualisée | E47: Implied EV/EBITDA | H47: 0.025
A48: Valeur terminale 2027 | B48: =(L26*(1+H47))/(L35-H47) -> 900217.7 | C48: =B48*L28 -> 321219.03 | E48: EBITDA | F48: =B6 -> 56805
E49: EV | F49: =B52 -> 670815.03
A50: Cash flows actualisés | B50: =SUM(C29:L29) -> 349596 | C50: =B50/B52 -> 0.52115111 | E50: EV/EBITDA | F50: =F49/F48 -> 11.809084
A51: Valeur terminale actualisée | B51: =C48 -> 321219.03 | C51: =B51/B52 -> 0.47884889
A52: Valeur totale de la firme | B52: =SUM(B50:B51) -> 670815.03 | C52: =B52/B52 -> 1
A55: Valeur marchande de l'equity
A56: =A52 -> Valeur totale de la firme | C56: =B52 -> 670815.03
A57: Moins : Dette | C57: =B9 -> 35671
A58: Moins : Actions privilégiées
A59: Plus : Encaisse | C59: ='3 Financial statements'!J78 -> 239550
A60: = Valeur de l'equity | C60: =C56-C57-C58+C59 -> 874694.03
A62: Nombre d'actions ordinaires | C62: 100000
A64: Valeur par action | C64: =C60/C62 -> 8.7469403
U68: Enterprise Value | AC68: Implied Perpetuity Growth Rate
W71: Exit Multiple | AE71: Exit Multiple
V72: =B44 -> 662629.41 | W72: 7.5 | X72: 8 | Y72: 8.5 | Z72: 9 | AA72: 9.5 | AD72: =L38 -> 0.022983897 | AE72: =W72 -> 7.5 | AF72: =X72 -> 8 | AG72: =Y72 -> 8.5 | AH72: =Z72 -> 9 | AI72: =AA72 -> 9.5
U73: WACC | V73: 0.1 | W73: 661972.96 | X73: 681868.75 | Y73: 701764.54 | Z73: 721660.33 | AA73: 741556.12 | AC73: WACC | AD73: 0.1 | AE73: 0.004754984 | AF73: 0.01022195 | AG73: 0.015095388 | AH73: 0.019466976 | AI73: 0.023410437
V74: 0.105 | W74: 640486.99 | X74: 659500.63 | Y74: 678514.27 | Z74: 697527.91 | AA74: 716541.55 | AD74: 0.105 | AE74: 0.0093220521 | AF74: 0.014813868 | AG74: 0.019709458 | AH74: 0.024100917 | AI74: 0.028062303
V75: 0.11 | W75: 619924.22 | X75: 638098.54 | Y75: 656272.87 | Z75: 674447.19 | AA75: 692621.51 | AD75: 0.11 | AE75: 0.01388912 | AF75: 0.019405786 | AG75: 0.024323528 | AH75: 0.028734858 | AI75: 0.032714169
V76: 0.115 | W76: 600239.02 | X76: 617614.6 | Y76: 634990.19 | Z76: 652365.77 | AA76: 669741.35 | AD76: 0.115 | AE76: 0.018456188 | AF76: 0.023997704 | AG76: 0.028937598 | AH76: 0.033368799 | AI76: 0.037366034
V77: 0.12 | W77: 581388.25 | X77: 598003.54 | Y77: 614618.83 | Z77: 631234.11 | AA77: 647849.4 | AD77: 0.12 | AE77: 0.023023256 | AF77: 0.028589622 | AG77: 0.033551668 | AH77: 0.038002739 | AI77: 0.0420179
U80: Implied Share Price
W83: Exit Multiple
V84: =G44 -> 8.6650841 | W84: =W72 -> 7.5 | X84: =X72 -> 8 | Y84: =Y72 -> 8.5 | Z84: =Z72 -> 9 | AA84: =AA72 -> 9.5
U85: WACC | V85: 0.1 | W85: 8.6585196 | X85: 8.8574775 | Y85: 9.0564354 | Z85: 9.2553933 | AA85: 9.4543512
V86: 0.105 | W86: 8.4436599 | X86: 8.6337963 | Y86: 8.8239327 | Z86: 9.0140691 | AA86: 9.2042055
V87: 0.11 | W87: 8.2380322 | X87: 8.4197754 | Y87: 8.6015187 | Z87: 8.7832619 | AA87: 8.9650051
V88: 0.115 | W88: 8.0411802 | X88: 8.214936 | Y88: 8.3886919 | Z88: 8.5624477 | AA88: 8.7362035
V89: 0.12 | W89: 7.8526725 | X89: 8.0188254 | Y89: 8.1849783 | Z89: 8.3511311 | AA89: 8.517284

Sheet DCF model (Sans EF préc.)
A1: Assumptions | C1: =C13 -> 2019 | D1: =D13 -> 2020 | E1: =E13 -> 2021 | F1: =F13 -> 2022 | G1: =G13 -> 2023 | H1: =H13 -> 2024 | I1: =I13 -> 2025 | J1: =J13 -> 2026 | ... L1: =L13 -> 2028
A2: État des résultats
A3: Croissance des ventes | C3: 0.05 | D3: 0.05 | E3: 0.0475 | F3: 0.045 | G3: 0.04 | H3: 0.035 | I3: 0.0325 | J3: 0.03125 | K3: 0.03 | L3: 0.03
A4: Coût marchandises vendues (% des ventes) | C4: 0.37 | D4: =C4-0.25% -> 0.3675 | E4: =D4-0.25% -> 0.365 | F4: =E4-0.25% -> 0.3625 | G4: =F4-0.25% -> 0.36 | H4: =G4-0.25% -> 0.3575 | I4: =H4-0.25% -> 0.355 | J4: =I4-0.25% -> 0.3525 | K4: =J4-0.25% -> 0.35 | L4: =K4-0.25% -> 0.3475
A5: Frais d'administration | C5: 25 | D5: 25 | E5: 25 | F5: 25 | G5: 25 | H5: 25 | I5: 25 | J5: 25 | K5: 25 | L5: 25
A6: Frais de vente | C6: 30 | D6: 30 | E6: 30 | F6: 30 | G6: 30 | H6: 30 | I6: 30 | J6: 30 | K6: 30 | L6: 30
A7: Dépréciation et amortissement (% des ventes) | C7: 0.02 | D7: 0.02 | E7: 0.02 | F7: 0.02 | G7: 0.02 | H7: 0.02 | I7: 0.02 | J7: 0.02 | K7: 0.02 | L7: 0.02
A8: Interest (% de la dette) | C8: 0.03 | D8: 0.03 | E8: 0.03 | F8: 0.03 | G8: 0.03 | H8: 0.03 | I8: 0.03 | J8: 0.03 | K8: 0.03 | L8: 0.03
A9: Taux imposition | C9: 0.28 | D9: 0.28 | E9: 0.28 | F9: 0.28 | G9: 0.28 | H9: 0.28 | I9: 0.28 | J9: 0.28 | K9: 0.28 | L9: 0.28
A10: CAPEX (% Croissance des ventes) | B10: 0.1 | C10: =(C14-B14)*$B$10 -> 25 | D10: =(D14-C14)*$B$10 -> 26.25 | E10: =(E14-D14)*$B$10 -> 26.184375 | F10: =(F14-E14)*$B$10 -> 25.984547 | G10: =(G14-F14)*$B$10 -> 24.136757 | H10: =(H14-G14)*$B$10 -> 21.964449 | I10: =(I14-H14)*$B$10 -> 21.109404 | J10: =(J14-I14)*$B$10 -> 20.957173 | ... L10: =(L14-K14)*$B$10 -> 21.370029
A11: FMFDR (% Croissance des ventes) | B11: 0.075 | C11: =(C14-B14)*$B$11 -> 18.75 | D11: =(D14-C14)*$B$11 -> 19.6875 | E11: =(E14-D14)*$B$11 -> 19.638281 | F11: =(F14-E14)*$B$11 -> 19.48841 | G11: =(G14-F14)*$B$11 -> 18.102568 | H11: =(H14-G14)*$B$11 -> 16.473337 | I11: =(I14-H14)*$B$11 -> 15.832053 | J11: =(J14-I14)*$B$11 -> 15.71788 | ... L11: =(L14-K14)*$B$11 -> 16.027522
B13: 2018 | C13: =C34 -> 2019 | D13: =D34 -> 2020 | E13: =E34 -> 2021 | F13: =F34 -> 2022 | G13: =G34 -> 2023 | H13: =H34 -> 2024 | I13: =I34 -> 2025 | J13: =J34 -> 2026 | ... L13: =L34 -> 2028
A14: Chiffre d'affaires | B14: 5000 | C14: =B14*(1+C3) -> 5250 | D14: =C14*(1+D3) -> 5512.5 | E14: =D14*(1+E3) -> 5774.3438 | F14: =E14*(1+F3) -> 6034.1892 | G14: =F14*(1+G3) -> 6275.5568 | H14: =G14*(1+H3) -> 6495.2013 | I14: =H14*(1+I3) -> 6706.2953 | J14: =I14*(1+J3) -> 6915.867 | ... L14: =K14*(1+L3) -> 7337.0433
A15: Coût des marchandises vendues | C15: =C14*C4 -> 1942.5 | D15: =D14*D4 -> 2025.8438 | E15: =E14*E4 -> 2107.6355 | F15: =F14*F4 -> 2187.3936 | G15: =G14*G4 -> 2259.2004 | H15: =H14*H4 -> 2322.0345 | I15: =I14*I4 -> 2380.7348 | J15: =J14*J4 -> 2437.8431 | ... L15: =L14*L4 -> 2549.6226
A16: Bénéfice brut | C16: =C14-C15 -> 3307.5 | D16: =D14-D15 -> 3486.6562 | E16: =E14-E15 -> 3666.7083 | F16: =F14-F15 -> 3846.7956 | G16: =G14-G15 -> 4016.3563 | H16: =H14-H15 -> 4173.1668 | I16: =I14-I15 -> 4325.5605 | J16: =J14-J15 -> 4478.0239 | ... L16: =L14-L15 -> 4787.4208
A17: Marge brute (en %) | C17: =C16/C14 -> 0.63 | D17: =D16/D14 -> 0.6325 | E17: =E16/E14 -> 0.635 | F17: =F16/F14 -> 0.6375 | G17: =G16/G14 -> 0.64 | H17: =H16/H14 -> 0.6425 | I17: =I16/I14 -> 0.645 | J17: =J16/J14 -> 0.6475 | ... L17: =L16/L14 -> 0.6525
A18: Charges d'exploitation
A19: Frais d'administration | C19: =C5 -> 25 | D19: =D5 -> 25 | E19: =E5 -> 25 | F19: =F5 -> 25 | G19: =G5 -> 25 | H19: =H5 -> 25 | I19: =I5 -> 25 | J19: =J5 -> 25 | ... L19: =L5 -> 25
A20: Frais de vente | C20: =C6 -> 30 | D20: =D6 -> 30 | E20: =E6 -> 30 | F20: =F6 -> 30 | G20: =G6 -> 30 | H20: =H6 -> 30 | I20: =I6 -> 30 | J20: =J6 -> 30 | ... L20: =L6 -> 30
A21: EBITDA | C21: =C16-C19-C20 -> 3252.5 | D21: =D16-D19-D20 -> 3431.6562 | E21: =E16-E19-E20 -> 3611.7083 | F21: =F16-F19-F20 -> 3791.7956 | G21: =G16-G19-G20 -> 3961.3563 | H21: =H16-H19-H20 -> 4118.1668 | I21: =I16-I19-I20 -> 4270.5605 | J21: =J16-J19-J20 -> 4423.0239 | ... L21: =L16-L19-L20 -> 4732.4208
A22: EBITDA Margin (en %) | C22: =C21/C14 -> 0.61952381 | D22: =D21/D14 -> 0.62252268 | E22: =E21/E14 -> 0.62547511 | F22: =F21/F14 -> 0.62838527 | G22: =G21/G14 -> 0.63123584 | H22: =H21/H14 -> 0.63403221 | I22: =I21/I14 -> 0.63679875 | J22: =J21/J14 -> 0.63954727 | ... L22: =L21/L14 -> 0.64500379
A23: Amortissement | C23: =C14*C7 -> 105 | D23: =D14*D7 -> 110.25 | E23: =E14*E7 -> 115.48688 | F23: =F14*F7 -> 120.68378 | G23: =G14*G7 -> 125.51114 | H23: =H14*H7 -> 129.90403 | I23: =I14*I7 -> 134.12591 | J23: =J14*J7 -> 138.31734 | ... L23: =L14*L7 -> 146.74087
A24: EBIT | C24: =C21-C23 -> 3147.5 | D24: =D21-D23 -> 3321.4062 | E24: =E21-E23 -> 3496.2214 | F24: =F21-F23 -> 3671.1118 | G24: =G21-G23 -> 3835.8452 | H24: =H21-H23 -> 3988.2628 | I24: =I21-I23 -> 4136.4346 | J24: =J21-J23 -> 4284.7066 | ... L24: =L21-L23 -> 4585.6799
A25: Intérêts | C25: ='Debt (Sans EF préc.)'!C23 -> 1000 | D25: ='Debt (Sans EF préc.)'!D23 -> 979.04754 | E25: ='Debt (Sans EF préc.)'!E23 -> 957.04746 | F25: ='Debt (Sans EF préc.)'!F23 -> 933.94738 | G25: ='Debt (Sans EF préc.)'!G23 -> 909.69229 | H25: ='Debt (Sans EF préc.)'!H23 -> 884.22445 | I25: ='Debt (Sans EF préc.)'!I23 -> 857.48321 | J25: ='Debt (Sans EF préc.)'!J23 -> 829.40492 | ... L25: ='Debt (Sans EF préc.)'!L23 -> 768.96638
A26: Bénéfice avant impôts | C26: =C24-C25 -> 2147.5 | D26: =D24-D25 -> 2342.3587 | E26: =E24-E25 -> 2539.1739 | F26: =F24-F25 -> 2737.1645 | G26: =G24-G25 -> 2926.1529 | H26: =H24-H25 -> 3104.0383 | I26: =I24-I25 -> 3278.9514 | J26: =J24-J25 -> 3455.3017 | ... L26: =L24-L25 -> 3816.7135
A27: Impôts | C27: =C26*C9 -> 601.3 | D27: =D26*D9 -> 655.86044 | E27: =E26*E9 -> 710.9687 | F27: =F26*F9 -> 766.40605 | G27: =G26*G9 -> 819.32282 | H27: =H26*H9 -> 869.13074 | I27: =I26*I9 -> 918.10638 | J27: =J26*J9 -> 967.48446 | ... L27: =L26*L9 -> 1068.6798
A28: Bénéfice net | C28: =C26-C27 -> 1546.2 | D28: =D26-D27 -> 1686.4983 | E28: =E26-E27 -> 1828.2052 | F28: =F26-F27 -> 1970.7584 | G28: =G26-G27 -> 2106.8301 | H28: =H26-H27 -> 2234.9076 | I28: =I26-I27 -> 2360.845 | J28: =J26-J27 -> 2487.8172 | ... L28: =L26-L27 -> 2748.0337
A29: Marge nette (en %) | C29: =C28/C14 -> 0.29451429 | D29: =D28/D14 -> 0.30594073 | E29: =E28/E14 -> 0.31660831 | F29: =F28/F14 -> 0.32659871 | G29: =G28/G14 -> 0.33572003 | H29: =H28/H14 -> 0.34408597 | I29: =I28/I14 -> 0.35203415 | J29: =J28/J14 -> 0.359726 | ... L29: =L28/L14 -> 0.37454239
A32: Model Summary
A34: Forecast Summary | B34: ='3 Financial statements'!I2 -> 2018 | C34: =C51 -> 2019 | D34: =D51 -> 2020 | E34: =E51 -> 2021 | F34: =F51 -> 2022 | G34: =G51 -> 2023 | H34: =H51 -> 2024 | I34: =I51 -> 2025 | J34: =J51 -> 2026 | ... L34: =L51 -> 2028
A35: Ventes | B35: =B14 -> 5000 | C35: =C14 -> 5250 | D35: =D14 -> 5512.5 | E35: =E14 -> 5774.3438 | F35: =F14 -> 6034.1892 | G35: =G14 -> 6275.5568 | H35: =H14 -> 6495.2013 | I35: =I14 -> 6706.2953 | ... L35: =L14 -> 7337.0433
A36: Sales Growth Rate | C36: =C35/B35-1 -> 0.05 | D36: =D35/C35-1 -> 0.05 | E36: =E35/D35-1 -> 0.0475 | F36: =F35/E35-1 -> 0.045 | G36: =G35/F35-1 -> 0.04 | H36: =H35/G35-1 -> 0.035 | I36: =I35/H35-1 -> 0.0325 | J36: =J35/I35-1 -> 0.03125 | ... L36: =L35/K35-1 -> 0.03
A37: EBITDA | B37: =B21 -> 0 | C37: =C21 -> 3252.5 | D37: =D21 -> 3431.6562 | E37: =E21 -> 3611.7083 | F37: =F21 -> 3791.7956 | G37: =G21 -> 3961.3563 | H37: =H21 -> 4118.1668 | I37: =I21 -> 4270.5605 | ... L37: =L21 -> 4732.4208
A38: EBITDA Growth Rate | D38: =D37/C37-1 -> 0.055082629 | E38: =E37/D37-1 -> 0.052467968 | F38: =F37/E37-1 -> 0.049862096 | G38: =G37/F37-1 -> 0.044717789 | H38: =H37/G37-1 -> 0.039585047 | I38: =I37/H37-1 -> 0.037005218 | J38: =J37/I37-1 -> 0.035701036 | K38: =K37/J37-1 -> 0.034399334 | L38: =L37/K37-1 -> 0.034369804
A39: EBITDA Margin | C39: =C22 -> 0.61952381 | D39: =D22 -> 0.62252268 | E39: =E22 -> 0.62547511 | F39: =F22 -> 0.62838527 | G39: =G22 -> 0.63123584 | H39: =H22 -> 0.63403221 | I39: =I22 -> 0.63679875 | J39: =J22 -> 0.63954727 | ... L39: =L22 -> 0.64500379
A40: Total Debt Ending Balance | B40: ='Debt (Sans EF préc.)'!A2 -> 20000 | C40: ='Debt (Sans EF préc.)'!C21 -> 19580.951 | D40: ='Debt (Sans EF préc.)'!D21 -> 19140.949 | E40: ='Debt (Sans EF préc.)'!E21 -> 18678.948 | F40: ='Debt (Sans EF préc.)'!F21 -> 18193.846 | G40: ='Debt (Sans EF préc.)'!G21 -> 17684.489 | H40: ='Debt (Sans EF préc.)'!H21 -> 17149.664 | I40: ='Debt (Sans EF préc.)'!I21 -> 16588.098 | J40: ='Debt (Sans EF préc.)'!J21 -> 15998.454 | ... L40: ='Debt (Sans EF préc.)'!L21 -> 14729.245
A49: DCF model - Firm name
C51: ='3 Financial statements'!J2 -> 2019 | D51: ='3 Financial statements'!K2 -> 2020 | E51: ='3 Financial statements'!L2 -> 2021 | F51: ='3 Financial statements'!M2 -> 2022 | G51: ='3 Financial statements'!N2 -> 2023 | H51: ='3 Financial statements'!O2 -> 2024 | I51: ='3 Financial statements'!P2 -> 2025 | J51: ='3 Financial statements'!Q2 -> 2026 | ... L51: ='3 Financial statements'!S2 -> 2028
C52: ='3 Financial statements'!J3 -> 1 | D52: ='3 Financial statements'!K3 -> 2 | E52: ='3 Financial statements'!L3 -> 3 | F52: ='3 Financial statements'!M3 -> 4 | G52: ='3 Financial statements'!N3 -> 5 | H52: ='3 Financial statements'!O3 -> 6 | I52: ='3 Financial statements'!P3 -> 7 | J52: ='3 Financial statements'!Q3 -> 8 | ... L52: ='3 Financial statements'!S3 -> 10
A53: EBIT*(1-T) | C53: =C24*(1-C9) -> 2266.2 | D53: =D24*(1-D9) -> 2391.4125 | E53: =E24*(1-E9) -> 2517.2794 | F53: =F24*(1-F9) -> 2643.2005 | G53: =G24*(1-G9) -> 2761.8085 | H53: =H24*(1-H9) -> 2871.5492 | I53: =I24*(1-I9) -> 2978.2329 | J53: =J24*(1-J9) -> 3084.9887 | ... L53: =L24*(1-L9) -> 3301.6895
A54: Plus : Dépréciation et amortissement | C54: =C23 -> 105 | D54: =D23 -> 110.25 | E54: =E23 -> 115.48688 | F54: =F23 -> 120.68378 | G54: =G23 -> 125.51114 | H54: =H23 -> 129.90403 | I54: =I23 -> 134.12591 | J54: =J23 -> 138.31734 | ... L54: =L23 -> 146.74087
A55: Moins : CAPEX | C55: =C10 -> 25 | D55: =D10 -> 26.25 | E55: =E10 -> 26.184375 | F55: =F10 -> 25.984547 | G55: =G10 -> 24.136757 | H55: =H10 -> 21.964449 | I55: =I10 -> 21.109404 | J55: =J10 -> 20.957173 | ... L55: =L10 -> 21.370029
A56: Moins : Change in NWC | C56: =C11 -> 18.75 | D56: =D11 -> 19.6875 | E56: =E11 -> 19.638281 | F56: =F11 -> 19.48841 | G56: =G11 -> 18.102568 | H56: =H11 -> 16.473337 | I56: =I11 -> 15.832053 | J56: =J11 -> 15.71788 | ... L56: =L11 -> 16.027522
A57: Total des cash flows | C57: =C53+C54-C55-C56 -> 2327.45 | D57: =D53+D54-D55-D56 -> 2455.725 | E57: =E53+E54-E55-E56 -> 2586.9436 | F57: =F53+F54-F55-F56 -> 2718.4114 | G57: =G53+G54-G55-G56 -> 2845.0804 | H57: =H53+H54-H55-H56 -> 2963.0155 | I57: =I53+I54-I55-I56 -> 3075.4173 | J57: =J53+J54-J55-J56 -> 3186.631 | ... L57: =L53+L54-L55-L56 -> 3411.0329
A58: WACC | C58: =$L$66 -> 0.10854832 | D58: =$L$66 -> 0.10854832 | E58: =$L$66 -> 0.10854832 | F58: =$L$66 -> 0.10854832 | G58: =$L$66 -> 0.10854832 | H58: =$L$66 -> 0.10854832 | I58: =$L$66 -> 0.10854832 | J58: =$L$66 -> 0.10854832 | ... L58: =$L$66 -> 0.10854832
A59: Discount Factor | C59: =(1+C58)^-C52 -> 0.90208066 | D59: =(1+D58)^-D52 -> 0.81374952 | E59: =(1+E58)^-E52 -> 0.7340677 | F59: =(1+F58)^-F52 -> 0.66218828 | G59: =(1+G58)^-G52 -> 0.59734724 | H59: =(1+H58)^-H52 -> 0.53885539 | I59: =(1+I58)^-I52 -> 0.48609103 | J59: =(1+J58)^-J52 -> 0.43849332 | ... L59: =(1+L58)^-L52 -> 0.35682372
A60: Cash flows actualisés | C60: =C57*C59 -> 2099.5476 | D60: =D57*D59 -> 1998.345 | E60: =E57*E59 -> 1898.9918 | F60: =F57*F59 -> 1800.1001 | G60: =G57*G59 -> 1699.5009 | H60: =H57*H59 -> 1596.6369 | I60: =I57*I59 -> 1494.9328 | J60: =J57*J59 -> 1397.3164 | ... L60: =L57*L59 -> 1217.1374
A63: Enterprise value | D63: Implied Equity Value and Share Price | I63: Implied Perpetuity Growth Rate
A65: Cumulative Present Value of FCF | B65: =SUM(C60:L60) -> 16506.938 | D65: Enterprise Value | G65: =B75 -> 30860.378 | I65: Terminal Year Free Cash Flow (2028E) | L65: =L57 -> 3411.0329
A66: % of Enterprise Value | B66: =B65/B75 -> 0.53489098 | D66: Less : Total Debt | G66: =B40 -> 20000 | I66: WACC | L66: =WACC!B16 -> 0.10854832
A67: Terminal Value | D67: Less : Preferred Securities | G67: 0 | I67: Terminal Value | L67: =B70 -> 40225.577
A68: Terminal Year EBITDA (2028E) | B68: =L37 -> 4732.4208 | D68: Plus : Cash & Equivalents | G68: 0
A69: Exit Multiple | B69: 8.5 | I69: Implied Perpetuity Growth Rate | L69: =(L67*L66-L65)/(L67+L65) -> 0.021894136
A70: Terminal Value | B70: =B68*B69 -> 40225.577
A71: Discount Factor | B71: =L59 -> 0.35682372 | D71: Implied Equity Value | G71: =G65-G66-G67+G68 -> 10860.378 | I71: Implied EV/EBITDA
A72: Present value of Terminal Value | B72: =B70*B71 -> 14353.44 | I72: Enterprise Value | L72: =B75 -> 30860.378
A73: % of Enterprise Value | B73: =B72/B75 -> 0.46510902 | D73: Shares Outstanding | G73: 10000 | I73: EBITDA (2019) | L73: =C37 -> 3252.5
A75: Enterprise Value | B75: =B65+B72 -> 30860.378 | D75: Implied Share Price | G75: =G71/G73 -> 1.0860378 | I75: Implied EV/EBITDA | L75: =L72/L73 -> 9.4882023
B78: En 2028 | C78: Actualisée | E78: Implied EV/EBITDA | H78: 0.025
A79: Valeur terminale 2027 | B79: =(L57*(1+H78))/(L66-H78) -> 41847.744 | C79: =B79*L59 -> 14932.268 | E79: EBITDA | F79: =B37 -> 0
E80: EV | F80: =B83 -> 31439.206
A81: Cash flows actualisés | B81: =SUM(C60:L60) -> 16506.938 | C81: =B81/B83 -> 0.52504309 | E81: EV/EBITDA | F81: =F80/F79 -> #DIV/0!
A82: Valeur terminale actualisée | B82: =C79 -> 14932.268 | C82: =B82/B83 -> 0.47495691
A83: Valeur totale de la firme | B83: =SUM(B81:B82) -> 31439.206 | C83: =B83/B83 -> 1
A86: Valeur marchande de l'equity
A87: =A83 -> Valeur totale de la firme | C87: =B83 -> 31439.206
A88: Moins : Dette | C88: =B40 -> 20000
A89: Moins : Actions privilégiées
A90: Plus : Encaisse | C90: ='3 Financial statements'!J78 -> 239550
A91: = Valeur de l'equity | C91: =C87-C88-C89+C90 -> 250989.21
A93: Nombre d'actions ordinaires | C93: 100000
A95: Valeur par action | C95: =C91/C93 -> 2.5098921
U99: Enterprise Value | AC99: Implied Perpetuity Growth Rate
W102: Exit Multiple | AE102: Exit Multiple
V103: =B75 -> 30860.378 | W103: 7.5 | X103: 8 | Y103: 8.5 | Z103: 9 | AA103: 9.5 | AD103: =L69 -> 0.021894136 | AE103: =W103 -> 7.5 | AF103: =X103 -> 8 | AG103: =Y103 -> 8.5 | AH103: =Z103 -> 9 | AI103: =AA103 -> 9.5
U104: WACC | V104: 0.1 | W104: 30847.386 | X104: 31759.662 | Y104: 32671.939 | Z104: 33584.215 | AA104: 34496.492 | AC104: WACC | AD104: 0.1 | AE104: 0.0035544433 | AF104: 0.009084084 | AG104: 0.014014031 | AH104: 0.018436823 | AI104: 0.022426889
V105: 0.105 | W105: 29852.076 | X105: 30723.904 | Y105: 31595.732 | Z105: 32467.559 | AA105: 33339.387 | AD105: 0.105 | AE105: 0.0081160544 | AF105: 0.01367083 | AG105: 0.018623186 | AH105: 0.023066081 | AI105: 0.027074284
V106: 0.11 | W106: 28899.413 | X106: 29732.755 | Y106: 30566.098 | Z106: 31399.44 | AA106: 32232.783 | AD106: 0.11 | AE106: 0.012677665 | AF106: 0.018257576 | AG106: 0.023232341 | AH106: 0.02769534 | AI106: 0.031721679
V107: 0.115 | W107: 27987.29 | X107: 28784.008 | Y107: 29580.726 | Z107: 30377.444 | AA107: 31174.162 | AD107: 0.115 | AE107: 0.017239277 | AF107: 0.022844321 | AG107: 0.027841495 | AH107: 0.032324598 | AI107: 0.036369074
V108: 0.12 | W108: 27113.718 | X108: 27875.575 | Y108: 28637.431 | Z108: 29399.288 | AA108: 30161.144 | AD108: 0.12 | AE108: 0.021800888 | AF108: 0.027431067 | AG108: 0.03245065 | AH108: 0.036953856 | AI108: 0.041016469
U111: Implied Share Price
W114: Exit Multiple
V115: =G75 -> 1.0860378 | W115: =W103 -> 7.5 | X115: =X103 -> 8 | Y115: =Y103 -> 8.5 | Z115: =Z103 -> 9 | AA115: =AA103 -> 9.5
U116: WACC | V116: 0.1 | W116: 1.0847386 | X116: 1.1759662 | Y116: 1.2671939 | Z116: 1.3584215 | AA116: 1.4496492
V117: 0.105 | W117: 0.98520765 | X117: 1.0723904 | Y117: 1.1595732 | Z117: 1.2467559 | AA117: 1.3339387
V118: 0.11 | W118: 0.88994128 | X118: 0.97327553 | Y118: 1.0566098 | Z118: 1.139944 | AA118: 1.2232783
V119: 0.115 | W119: 0.798729 | X119: 0.87840081 | Y119: 0.95807262 | Z119: 1.0377444 | AA119: 1.1174162
V120: 0.12 | W120: 0.71137183 | X120: 0.78755747 | Y120: 0.86374311 | Z120: 0.93992875 | AA120: 1.0161144

Sheet Debt (Sans EF préc.)
A1: Dette à LT | B1: PMT annuel | C1: Nb. Années | D1: Tx d'intérêt
A2: 20000 | B2: =PMT(D2,C2,A2,0) -> -1419.0491 | C2: 25 | D2: 0.05
B4: Solde initial | C4: Paiement | D4: Intérêt | E4: Capital | F4: Solde fin
A5: ='DCF model (Sans EF préc.)'!C51 -> 2019 | B5: =A2 -> 20000 | C5: =$B$2*-1 -> 1419.0491 | D5: =B5*$D$2 -> 1000 | E5: =C5-D5 -> 419.04915 | F5: =B5-E5 -> 19580.951
A6: =A5+1 -> 2020 | B6: =F5 -> 19580.951 | C6: =$B$2*-1 -> 1419.0491 | D6: =B6*$D$2 -> 979.04754 | E6: =C6-D6 -> 440.0016 | F6: =B6-E6 -> 19140.949
A7: =A6+1 -> 2021 | B7: =F6 -> 19140.949 | C7: =$B$2*-1 -> 1419.0491 | D7: =B7*$D$2 -> 957.04746 | E7: =C7-D7 -> 462.00168 | F7: =B7-E7 -> 18678.948
A8: =A7+1 -> 2022 | B8: =F7 -> 18678.948 | C8: =$B$2*-1 -> 1419.0491 | D8: =B8*$D$2 -> 933.94738 | E8: =C8-D8 -> 485.10177 | F8: =B8-E8 -> 18193.846
A9: =A8+1 -> 2023 | B9: =F8 -> 18193.846 | C9: =$B$2*-1 -> 1419.0491 | D9: =B9*$D$2 -> 909.69229 | E9: =C9-D9 -> 509.35686 | F9: =B9-E9 -> 17684.489
A10: =A9+1 -> 2024 | B10: =F9 -> 17684.489 | C10: =$B$2*-1 -> 1419.0491 | D10: =B10*$D$2 -> 884.22445 | E10: =C10-D10 -> 534.8247 | F10: =B10-E10 -> 17149.664
A11: =A10+1 -> 2025 | B11: =F10 -> 17149.664 | C11: =$B$2*-1 -> 1419.0491 | D11: =B11*$D$2 -> 857.48321 | E11: =C11-D11 -> 561.56593 | F11: =B11-E11 -> 16588.098
A12: =A11+1 -> 2026 | B12: =F11 -> 16588.098 | C12: =$B$2*-1 -> 1419.0491 | D12: =B12*$D$2 -> 829.40492 | E12: =C12-D12 -> 589.64423 | F12: =B12-E12 -> 15998.454
A13: =A12+1 -> 2027 | B13: =F12 -> 15998.454 | C13: =$B$2*-1 -> 1419.0491 | D13: =B13*$D$2 -> 799.9227 | E13: =C13-D13 -> 619.12644 | F13: =B13-E13 -> 15379.328
A14: =A13+1 -> 2028 | B14: =F13 -> 15379.328 | C14: =$B$2*-1 -> 1419.0491 | D14: =B14*$D$2 -> 768.96638 | E14: =C14-D14 -> 650.08276 | F14: =B14-E14 -> 14729.245
A17: Total du passif
C18: ='DCF model (Sans EF préc.)'!C13 -> 2019 | D18: ='DCF model (Sans EF préc.)'!D13 -> 2020 | E18: ='DCF model (Sans EF préc.)'!E13 -> 2021 | F18: ='DCF model (Sans EF préc.)'!F13 -> 2022 | G18: ='DCF model (Sans EF préc.)'!G13 -> 2023 | H18: ='DCF model (Sans EF préc.)'!H13 -> 2024 | I18: ='DCF model (Sans EF préc.)'!I13 -> 2025 | J18: ='DCF model (Sans EF préc.)'!J13 -> 2026 | ... L18: ='DCF model (Sans EF préc.)'!L13 -> 2028
A19: Passif courant
A20: Dette LT | C20: {=TRANSPOSE(F5:F14)} -> 19580.951 | D20: 19140.949 | E20: 18678.948 | F20: 18193.846 | G20: 17684.489 | H20: 17149.664 | I20: 16588.098 | J20: 15998.454 | K20: 15379.328 | L20: 14729.245
A21: Total du passif | C21: =C19+C20 -> 19580.951 | D21: =D19+D20 -> 19140.949 | E21: =E19+E20 -> 18678.948 | F21: =F19+F20 -> 18193.846 | G21: =G19+G20 -> 17684.489 | H21: =H19+H20 -> 17149.664 | I21: =I19+I20 -> 16588.098 | J21: =J19+J20 -> 15998.454 | ... L21: =L19+L20 -> 14729.245
A23: Intérêt | C23: {=TRANSPOSE(D5:D14)} -> 1000 | D23: 979.04754 | E23: 957.04746 | F23: 933.94738 | G23: 909.69229 | H23: 884.22445 | I23: 857.48321 | J23: 829.40492 | K23: 799.9227 | L23: 768.96638

Sheet Comparable trans.
A1: Comparable Transaction Analysis | U1: Comparable Transaction Analysis
E3: Transaction value to : | I3: LTM | L3: 3-Year Sales CAGR | Y3: Transaction value to : | AC3: LTM | AF3: 3-Year Sales CAGR
A4: Target | B4: Acquiror | C4: Date | D4: Transaction value | E4: LTM EBITDA | F4: LTM EBIT | G4: LTM Sales | H4: Price/Book Value | I4: EBITDA Margin | J4: EBIT Margin | U4: Target | V4: Acquiror | W4: Date | X4: Transaction value | Y4: LTM EBITDA | Z4: LTM EBIT | AA4: LTM Sales | AB4: Price/Book Value | AC4: EBITDA Margin | AD4: EBIT Margin
A5: 1 | B5: 9 | D5: 150 | E5: 5.8 | F5: 15 | G5: 0.22 | H5: NA | I5: 0.037 | J5: 0.014 | L5: 0.001 | N5: Critères de sélection des comparables | R5: LTM values | U5: 2 | V5: 8 | X5: 2475 | Y5: 6.9 | Z5: 11.2 | AA5: 0.54 | AB5: NA | AC5: 0.078 | AD5: 0.048 | AF5: 0.043
A6: 2 | B6: 8 | D6: 2475 | E6: 6.9 | F6: 11.2 | G6: 0.54 | H6: NA | I6: 0.078 | J6: 0.048 | L6: 0.043 | N6: Transaction récente | R6: EBITDA | S6: ='DCF model'!L6 -> 103209.11 | U6: 3 | V6: 7 | X6: 6714 | Y6: 6.7 | Z6: 9.9 | AA6: 0.48 | AB6: 1.4 | AC6: 0.072 | AD6: 0.048 | AF6: 0.051
A7: 3 | B7: 7 | D7: 6714 | E7: 6.7 | F7: 9.9 | G7: 0.48 | H7: 1.4 | I7: 0.072 | J7: 0.048 | L7: 0.051 | N7: Valeur similaire | R7: EBIT | S7: ='3 Financial statements'!S32 -> 102476.28 | Y7: 10.1 | Z7: 15.8 | AA7: 0.85 | AB7: 0.3 | AC7: 0.075 | AD7: 0.043
A8: 4 | B8: 23 | D8: 750 | E8: 6.3 | F8: 12.3 | G8: 0.21 | H8: 3.2 | I8: 0.033 | J8: 0.017 | L8: 0.075 | N8: Taux de croissance des ventes | R8: Sales | S8: ='DCF model'!L4 -> 212629.4 | Y8: 9.4 | Z8: 15.5 | AA8: 0.61 | AB8: 3.8 | AC8: 0.065 | AD8: 0.04 | AF8: 0.014
A9: 5 | B9: 54 | D9: 500 | E9: 8.3 | F9: 15.2 | G9: 0.3 | H9: NA | I9: 0.036 | J9: 0.02 | L9: 0.084 | N9: Similarité dans les marges
A10: 6 | B10: 43 | D10: 3560 | E10: 12.4 | F10: 19 | G10: 1.05 | H10: 4.9 | I10: 0.085 | J10: 0.055 | L10: 0.09
X12: Minimum | Y12: =MIN(Y5:Y11) -> 6.7 | Z12: =MIN(Z5:Z11) -> 9.9 | AA12: =MIN(AA5:AA11) -> 0.48 | AB12: =MIN(AB5:AB11) -> 0.3 | AC12: =MIN(AC5:AC11) -> 0.065 | AD12: =MIN(AD5:AD11) -> 0.04 | AF12: =MIN(AF5:AF11) -> 0.014
X13: Médiane | Y13: =MEDIAN(Y5:Y11) -> 8.15 | Z13: =MEDIAN(Z5:Z11) -> 13.35 | AA13: =MEDIAN(AA5:AA11) -> 0.575 | AB13: =MEDIAN(AB5:AB11) -> 1.4 | AC13: =MEDIAN(AC5:AC11) -> 0.0735 | AD13: =MEDIAN(AD5:AD11) -> 0.0455 | AF13: =MEDIAN(AF5:AF11) -> 0.043
X14: Maximum | Y14: =MAX(Y5:Y11) -> 10.1 | Z14: =MAX(Z5:Z11) -> 15.8 | AA14: =MAX(AA5:AA11) -> 0.85 | AB14: =MAX(AB5:AB11) -> 3.8 | AC14: =MAX(AC5:AC11) -> 0.078 | AD14: =MAX(AD5:AD11) -> 0.048 | AF14: =MAX(AF5:AF11) -> 0.051
X15: Moyenne | Y15: =AVERAGE(Y5:Y11) -> 8.275 | Z15: =AVERAGE(Z5:Z11) -> 13.1 | AA15: =AVERAGE(AA5:AA11) -> 0.62 | AB15: =AVERAGE(AB5:AB11) -> 1.8333333 | AC15: =AVERAGE(AC5:AC11) -> 0.0725 | AD15: =AVERAGE(AD5:AD11) -> 0.04475 | AF15: =AVERAGE(AF5:AF11) -> 0.036
U17: =CONCATENATE("Évaluation selon"," ",Y4) -> Évaluation selon LTM EBITDA
U18: Minimum | V18: Moyenne | W18: Maximum
T19: EV | U19: =Y12*S6 -> 691501.06 | V19: =Y15*S6 -> 854055.41 | W19: =Y14*S6 -> 1042412 | AA19: Min | AB19: Différence | AC19: Max
T20: Moins : Dette | U20: ='DCF model'!$B$9 -> 35671 | V20: ='DCF model'!$B$9 -> 35671 | W20: ='DCF model'!$B$9 -> 35671 | Z20: =Y4 -> LTM EBITDA | AA20: =U25 -> 8.9538006 | AB20: =AC20-AA20 -> 3.5091098 | AC20: =W25 -> 12.46291
T21: Moins : AP | U21: 0 | V21: 0 | W21: 0 | Z21: =Z4 -> LTM EBIT | AA21: =U35 -> 12.183942 | AB21: =AC21-AA21 -> 6.0461004 | AC21: =W35 -> 18.230042
T22: Plus : Cash | U22: ='3 Financial statements'!$I$42 -> 239550 | V22: ='3 Financial statements'!$I$42 -> 239550 | W22: ='3 Financial statements'!$I$42 -> 239550 | Z22: =AA4 -> LTM Sales | AA22: =U45 -> 3.0594111 | AB22: =AC22-AA22 -> 7.0592962 | AC22: =W45 -> 10.118707
T23: = Equity Value | U23: =U19-U20-U21+U22 -> 895380.06 | V23: =V19-V20-V21+V22 -> 1057934.4 | W23: =W19-W20-W21+W22 -> 1246291
T25: Implied value per share | U25: =U23/'DCF model'!$C$62 -> 8.9538006 | V25: =V23/'DCF model'!$C$62 -> 10.579344 | W25: =W23/'DCF model'!$C$62 -> 12.46291
U27: =CONCATENATE("Évaluation selon"," ",Z4) -> Évaluation selon LTM EBIT
U28: Minimum | V28: Moyenne | W28: Maximum
T29: EV | U29: =Z12*S7 -> 1014515.2 | V29: =Z15*S7 -> 1342439.2 | W29: =Z14*S7 -> 1619125.2
T30: Moins : Dette | U30: =U20 -> 35671 | V30: =V20 -> 35671 | W30: =W20 -> 35671
T31: Moins : AP | U31: =U21 -> 0 | V31: =V21 -> 0 | W31: =W21 -> 0
T32: Plus : Cash | U32: =U22 -> 239550 | V32: =V22 -> 239550 | W32: =W22 -> 239550
T33: = Equity Value | U33: =U29-U30-U31+U32 -> 1218394.2 | V33: =V29-V30-V31+V32 -> 1546318.2 | W33: =W29-W30-W31+W32 -> 1823004.2
T35: Implied value per share | U35: =U33/'DCF model'!$C$62 -> 12.183942 | V35: =V33/'DCF model'!$C$62 -> 15.463182 | W35: =W33/'DCF model'!$C$62 -> 18.230042
U37: =CONCATENATE("Évaluation selon"," ",AA4) -> Évaluation selon LTM Sales
U38: Minimum | V38: Moyenne | W38: Maximum
T39: EV | U39: =AA12*S8 -> 102062.11 | V39: =AA15*S8 -> 131830.23 | W39: =AB14*S8 -> 807991.74
T40: Moins : Dette | U40: =U20 -> 35671 | V40: =V20 -> 35671 | W40: =W20 -> 35671
T41: Moins : AP | U41: =U21 -> 0 | V41: =V21 -> 0 | W41: =W21 -> 0
T42: Plus : Cash | U42: =U22 -> 239550 | V42: =V22 -> 239550 | W42: =W22 -> 239550
T43: = Equity Value | U43: =U39-U40-U41+U42 -> 305941.11 | V43: =V39-V40-V41+V42 -> 335709.23 | W43: =W39-W40-W41+W42 -> 1011870.7
T45: Implied value per share | U45: =U43/'DCF model'!$C$62 -> 3.0594111 | V45: =V43/'DCF model'!$C$62 -> 3.3570923 | W45: =W43/'DCF model'!$C$62 -> 10.118707

Sheet Analyst views
A1: Firm / Analyst | B1: LTM EBITDA Multiple | D1: Revised Value Range
B2: Min | C2: Max | D2: Min | E2: Max
A3: BMO | B3: 9 | C3: 10 | D3: 1600000 | E3: 1800000 | I3: Analyst views
A4: CIBC | B4: 10 | C4: 11 | D4: 1800000 | E4: 1900000 | I4: Minimum | J4: Moyenne | K4: Maximum
A5: National Bank | B5: 8 | C5: 10.5 | D5: 1400000 | E5: 1800000 | H5: EV | I5: =D9 -> 1100000 | J5: =AVERAGE(D10:E10) -> 1560000 | K5: =E11 -> 1900000
A6: Desjardins | B6: 6.5 | C6: 8 | D6: 1100000 | E6: 1400000 | H6: Moins : Dette | I6: ='Comparable trans.'!U20 -> 35671 | J6: ='Comparable trans.'!V20 -> 35671 | K6: ='Comparable trans.'!W20 -> 35671
A7: TD Bank | B7: 7.5 | C7: 8.5 | D7: 1300000 | E7: 1500000 | H7: Moins : AP | I7: ='Comparable trans.'!U21 -> 0 | J7: ='Comparable trans.'!V21 -> 0 | K7: ='Comparable trans.'!W21 -> 0
H8: Plus : Cash | I8: ='Comparable trans.'!U22 -> 239550 | J8: ='Comparable trans.'!V22 -> 239550 | K8: ='Comparable trans.'!W22 -> 239550
A9: Minimum | B9: =MIN(B3:B8) -> 6.5 | C9: =MIN(C3:C8) -> 8 | D9: =MIN(D3:D8) -> 1100000 | E9: =MIN(E3:E8) -> 1400000 | H9: = Equity Value | I9: =I5-I6-I7+I8 -> 1303879 | J9: =J5-J6-J7+J8 -> 1763879 | K9: =K5-K6-K7+K8 -> 2103879
A10: Moyenne | B10: =AVERAGE(B3:B8) -> 8.2 | C10: =AVERAGE(C3:C8) -> 9.6 | D10: =AVERAGE(D3:D8) -> 1440000 | E10: =AVERAGE(E3:E8) -> 1680000
A11: Maximum | B11: =MAX(B3:B8) -> 10 | C11: =MAX(C3:C8) -> 11 | D11: =MAX(D3:D8) -> 1800000 | E11: =MAX(E3:E8) -> 1900000 | H11: Implied value per share | I11: =I9/'DCF model'!$C$62 -> 13.03879 | J11: =J9/'DCF model'!$C$62 -> 17.63879 | K11: =K9/'DCF model'!$C$62 -> 21.03879
B13: Min | C13: Diff | D13: Max
A14: Global Analyst views | B14: =I11 -> 13.03879 | C14: =D14-B14 -> 8 | D14: =K11 -> 21.03879
A15: =A3 -> BMO | B15: =(D3-$I$6-$I$7+$I$8)/'DCF model'!$C$62 -> 18.03879 | C15: =D15-B15 -> 2 | D15: =(E3-$I$6-$I$7+$I$8)/'DCF model'!$C$62 -> 20.03879
A16: =A4 -> CIBC | B16: =(D4-$I$6-$I$7+$I$8)/'DCF model'!$C$62 -> 20.03879 | C16: =D16-B16 -> 1 | D16: =(E4-$I$6-$I$7+$I$8)/'DCF model'!$C$62 -> 21.03879
A17: =A5 -> National Bank | B17: =(D5-$I$6-$I$7+$I$8)/'DCF model'!$C$62 -> 16.03879 | C17: =D17-B17 -> 4 | D17: =(E5-$I$6-$I$7+$I$8)/'DCF model'!$C$62 -> 20.03879
A18: =A6 -> Desjardins | B18: =(D6-$I$6-$I$7+$I$8)/'DCF model'!$C$62 -> 13.03879 | C18: =D18-B18 -> 3 | D18: =(E6-$I$6-$I$7+$I$8)/'DCF model'!$C$62 -> 16.03879
A19: =A7 -> TD Bank | B19: =(D7-$I$6-$I$7+$I$8)/'DCF model'!$C$62 -> 15.03879 | C19: =D19-B19 -> 2 | D19: =(E7-$I$6-$I$7+$I$8)/'DCF model'!$C$62 -> 17.03879

Sheet Sommaire
C1: Implied Share Price
B2: Importance accordée | C2: Min | D2: Moyenne | E2: Max | G2: Imp accordée x Min | H2: Imp accordée x Moyenne | I2: Imp accordée x Maximum
A3: DCF analysis | B3: 0.3 | C3: ='DCF model'!W89 -> 7.8526725 | D3: ='DCF model'!Y87 -> 8.6015187 | E3: ='DCF model'!AA85 -> 9.4543512 | G3: =B3*C3 -> 2.3558018 | H3: =$B3*D3 -> 2.5804556 | I3: =$B3*E3 -> 2.8363054
A4: Analyst views | B4: 0.25 | C4: ='Analyst views'!B14 -> 13.03879 | D4: ='Analyst views'!J11 -> 17.63879 | E4: ='Analyst views'!D14 -> 21.03879 | G4: =B4*C4 -> 3.2596975 | H4: =$B4*D4 -> 4.4096975 | I4: =$B4*E4 -> 5.2596975
A5: ='Comparable trans.'!Y4 -> LTM EBITDA | B5: 0.15 | C5: ='Comparable trans.'!U25 -> 8.9538006 | D5: ='Comparable trans.'!V25 -> 10.579344 | E5: ='Comparable trans.'!W25 -> 12.46291 | G5: =B5*C5 -> 1.3430701 | H5: =$B5*D5 -> 1.5869016 | I5: =$B5*E5 -> 1.8694366
A6: ='Comparable trans.'!Z4 -> LTM EBIT | B6: 0.15 | C6: ='Comparable trans.'!U35 -> 12.183942 | D6: ='Comparable trans.'!V35 -> 15.463182 | E6: ='Comparable trans.'!W35 -> 18.230042 | G6: =B6*C6 -> 1.8275912 | H6: =$B6*D6 -> 2.3194774 | I6: =$B6*E6 -> 2.7345063
A7: ='Comparable trans.'!AA4 -> LTM Sales | B7: 0.15 | C7: ='Comparable trans.'!U45 -> 3.0594111 | D7: ='Comparable trans.'!V45 -> 3.3570923 | E7: ='Comparable trans.'!W45 -> 10.118707 | G7: =B7*C7 -> 0.45891167 | H7: =$B7*D7 -> 0.50356385 | I7: =$B7*E7 -> 1.5178061
B8: =SUM(B3:B7) -> 1 | G8: =SUM(G3:G7) -> 9.2450723 | H8: =SUM(H3:H7) -> 11.400096 | I8: =SUM(I3:I7) -> 14.217752
B13: =C2 -> Min | C13: Différence | D13: =E2 -> Max
A14: =A3 -> DCF analysis | B14: =C3 -> 7.8526725 | C14: =D14-B14 -> 1.6016787 | D14: =E3 -> 9.4543512
A15: =A4 -> Analyst views | B15: =C4 -> 13.03879 | C15: =D15-B15 -> 8 | D15: =E4 -> 21.03879
A16: =A5 -> LTM EBITDA | B16: =C5 -> 8.9538006 | C16: =D16-B16 -> 3.5091098 | D16: =E5 -> 12.46291
A17: =A6 -> LTM EBIT | B17: =C6 -> 12.183942 | C17: =D17-B17 -> 6.0461004 | D17: =E6 -> 18.230042
A18: =A7 -> LTM Sales | B18: =C7 -> 3.0594111 | C18: =D18-B18 -> 7.0592962 | D18: =E7 -> 10.118707
A19: Fourchette cible | B19: =G8 -> 9.2450723 | C19: =D19-B19 -> 4.9726796 | D19: =I8 -> 14.217752
